 Dungeon Crawl Stone Soup version 0.32-a0-747-gc8563f6773 (webtiles) character file.

Game seed: 4933203480461129652

16392261 MagicSucks the Shapeless Naga (level 27, 327/327 HPs)
             Began as a Naga Shapeshifter on Mar 17, 2024.
             Was a High Priest of Wu Jian.
             Escaped with the Orb
             ... and 15 runes!
             The game lasted 02:35:04 (94981 turns).

MagicSucks the Shapeless Naga (Naga Shapeshifter)  Turns: 94981, Time: 02:35:04

Health: 327/327    AC: 15    Str: 28    XL:     27
Magic:  46/46      EV: 61    Int: 17    God:    Wu Jian [*****.]
Gold:   7743       SH:  0    Dex: 22    Spells: 55/65 levels left

rFire   + .          .
                       - Unarmed
rCold   + + .        c - melded +1 kite shield {rF+}
rNeg    + + .        (body armour currently unavailable)
rPois   ∞            i - melded +1 helmet {SInv}
rElec   +            S - melded +1 cloak of Unimatz {^Contam rF+ Stlth+}
rCorr   .            (gloves currently unavailable)
SInv    +            (no barding)
Will    +++..        Y - macabre finger necklace {Finger+ rN+}
Stlth   +            G - ring of Sudgh {rElec rF+ Str+5 Int+6 Stlth-}
HPRegen 0.74/turn    X - ring "Suwahod" {rC++ EV+5}
MPRegen 0.30/turn    t - ring of the Sun {rN+ Str+2 Dex+4}

%: no passive effects
@: storm-form, flying, studying 2 skills
A: cleaving, insubstantial, flying, AC +9, large, see invisible, (deformed
body), (poison resistance), (slowness 2), spit poison 1, (naga tail 2), clumsy
1, robust 1
0: Orb of Zot
}: 15/15 runes: decaying, serpentine, slimy, silver, golden, iron, obsidian,
icy, bone, abyssal, demonic, glowing, magical, fiery, dark
a: Spit Poison, Blinkbolt, Begin Untransformation, Renounce Religion, Wall Jump,
Serpent's Lash, Heavenly Storm


You escaped.
You worshipped Wu Jian.
Wu Jian was extremely pleased with you.
You were a lightning-filled tempest!
You visited 18 branches of the dungeon, and saw 86 of its levels.
You visited Pandemonium 1 time, and saw 19 of its levels.
You visited the Abyss 2 times.
You visited 1 ziggurat, and saw 7 of its levels.

You collected 12960 gold pieces.
You spent 5217 gold pieces at shops.

Inventory:

Missiles
 N - 3 throwing nets
Armour
 c - a +1 kite shield of fire resistance (melded)
 i - a +1 helmet of see invisible (melded)
 J - a +0 tower shield of reflection
 S - the +1 cloak of Unimatz (melded) {^Contam rF+ Stlth+}
   (You found it on level 10 of the Dungeon)

   rF+:       It protects you from fire.
   ^Contam:   It causes magical contamination when unequipped.
   Stlth+:    It makes you more stealthy.
Jewellery
 b - the amulet "Fiech" {Reflect rPois rCorr Str+6 SH+5}
   (You found it in Pandemonium)

   [amulet of reflection]

   Reflect:   It reflects blocked missile attacks.
   Str+6:     It affects your strength (+6).
   rPois:     It protects you from poison.
   rCorr:     It protects you from acid and corrosion.
   SH+5:      It affects your SH (+5).
 q - the ring "Ecvarryaxo" {EV+5 Int+2 Dex+4}
   (You found it on level 4 of the Dungeon)

   [ring of evasion]

   EV+5:      It affects your evasion (+5).
   Int+2:     It affects your intelligence (+2).
   Dex+4:     It affects your dexterity (+4).
 t - the ring of the Sun (on amulet) {rN+ Str+2 Dex+4}
   (You took it off a frost giant on level 5 of the Vaults)

   [ring of positive energy]

   Str+2:     It affects your strength (+2).
   Dex+4:     It affects your dexterity (+4).
   rN+:       It protects you from negative energy.
 G - the ring of Sudgh (left fist) {rElec rF+ Str+5 Int+6 Stlth-}
   (You took it off a centaur warrior on level 9 of the Dungeon)

   [ring of intelligence]

   Str+5:     It affects your strength (+5).
   Int+6:     It affects your intelligence (+6).
   rF+:       It protects you from fire.
   rElec:     It insulates you from electricity.
   Stlth-:    It makes you less stealthy.
 P - the brooch of Shielding {Spirit SH+8}
   (You bought it in a shop on level 3 of the Vaults)

   [amulet of guardian spirit]

   Spirit:    It causes incoming damage to be divided between your reserves of
   health and magic.
   SH+8:      It affects your SH (+8).
 R - the ring "Zonnurot" {rPois Will+ Str+8 Int-4 Stlth+}
   (You found it on level 3 of the Lair of Beasts)

   [ring of willpower]

   Str+8:     It affects your strength (+8).
   Int-4:     It affects your intelligence (-4).
   rPois:     It protects you from poison.
   Will+:     It increases your willpower.
   Stlth+:    It makes you more stealthy.
 X - the ring "Suwahod" (right fist) {rC++ EV+5}
   (You found it on level 1 of the Vaults)

   [ring of evasion]

   EV+5:      It affects your evasion (+5).
   rC++:      It greatly protects you from cold.
 Y - the macabre finger necklace (around neck) {Finger+ rN+}
   (You found it on level 7 of the Iron City of Dis)

   [amulet of nothing]

   Finger+:   It enables you to equip an extra ring.
   rN+:       It protects you from negative energy.
Talismans
 r - a storm talisman (active)
 I - the serpent talisman of the Bells {rElec rC+ SInv}
   (You took it off Aizul on level 4 of the Snake Pit)

   [serpent talisman]

   rC+:       It protects you from cold.
   rElec:     It insulates you from electricity.
   SInv:      It lets you see invisible.
 Z - a granite talisman
Wands
 x - a wand of paralysis (83)
 F - a wand of light (78)
 H - a wand of digging (45)
 T - a wand of mindburst (49)
 W - a wand of roots (77)
Scrolls
 e - 11 scrolls of fear
 h - 6 scrolls of blinking
 l - 7 scrolls of fog
 m - 11 scrolls of vulnerability
 o - 9 scrolls of revelation
 p - 28 scrolls of teleportation
 s - 2 scrolls of torment
 w - 6 scrolls of noise
 y - 11 scrolls of enchant armour
 C - 10 scrolls of amnesia
 E - 4 scrolls of summoning
 K - 41 scrolls of identify
 L - 9 scrolls of poison
 Q - 9 scrolls of immolation
 U - a scroll of silence
Potions
 a - 12 potions of heal wounds
 d - 3 potions of cancellation
 f - 5 potions of ambrosia
 j - 15 potions of brilliance
 k - 10 potions of attraction
 n - 8 potions of invisibility
 u - 9 potions of magic
 v - 5 potions of might
 z - 32 potions of curing
 A - 11 potions of lignification
 B - 10 potions of enlightenment
 D - 6 potions of haste
 M - 10 potions of berserk rage
 V - 3 potions of resistance
Miscellaneous
 g - a tin of tremorstones (2/2)
 O - a box of beasts


   Skills:
 O Level 27 Fighting
 + Level 25.8 Dodging
 - Level 9.0 Shields
 O Level 27 Unarmed Combat
 + Level 19.6 Spellcasting
 - Level 13.0 Translocations
 + Level 23.8 Evocations
 O Level 27 Shapeshifting


You had 55 spell levels left.
You knew the following spells:

 Your Spells              Type           Power      Damage    Failure   Level
a - Manifold Assault      Tloc           57%        N/A       1%          4
b - Ozocubu's Armour      Ice            16%        N/A       10%         3
c - Apportation           Tloc           100%       N/A       0%          1
d - Blink                 Tloc           100%       N/A       1%          2

Your spell library contained the following spells:

 Spells                   Type           Power      Damage    Failure   Level
 Lesser Beckoning         Tloc           100%       N/A       1%          2
 Momentum Strike          Conj/Tloc      76%        3d10      1%          2
 Gell's Gravitas          Tloc           57%        N/A       1%          3
 Teleport Other           Tloc           57%        N/A       1%          3
 Volatile Blastmotes      Fire/Tloc      76%        2d16      1%          3
 Passage of Golubria      Tloc           57%        N/A       1%          4
 Dimensional Bullseye     Hex/Tloc       19%        N/A       2%          4
 Iskenderun's Mystic Bla  Conj/Tloc      38%        2d9       2%          4
 Vhi's Electric Charge    Tloc/Air       76%        N/A       2%          4
 Dispersal                Tloc           28%        N/A       2%          6
 Kiss of Death            Conj/Necr      64%        2d10      3%          1
 Magic Dart               Conj           64%        1d6       3%          1
 Necrotise                Necr           64%        1d7       3%          1
 Sandblast                Erth           32%        2d9       3%          1
 Slow                     Hex            64%        N/A       3%          1
 Summon Small Mammal      Summ           64%        N/A       3%          1
 Call Imp                 Summ           32%        N/A       4%          2
 Cigotuvi's Dreadful Rot  Necr/Alch/Air  32%        N/A       4%          2
 Ensorcelled Hibernation  Hex/Ice        32%        N/A       4%          2
 Jinxbite                 Hex            32%        N/A       4%          2
 Scorch                   Fire           32%        2d6       4%          2
 Searing Ray              Conj           32%        2d5       4%          2
 Static Discharge         Conj/Air       32%        3-5/arc   4%          2
 Summon Forest            Summ/Tloc      19%        N/A       6%          5
 Call Canine Familiar     Summ           16%        N/A       10%         3
 Confusing Touch          Hex            16%        N/A       10%         3
 Dazzling Flash           Conj/Hex       32%        N/A       10%         3
 Frozen Ramparts          Ice            32%        1d5       10%         3
 Fugue of the Fallen      Necr           16%        N/A       10%         3
 Hailstorm                Conj/Ice       16%        3d6       10%         3
 Inner Flame              Hex/Fire       16%        N/A       10%         3
 Mephitic Cloud           Conj/Alch/Air  16%        N/A       10%         3
 Passwall                 Erth           16%        N/A       10%         3
 Sigil of Binding         Hex            16%        N/A       10%         3
 Stone Arrow              Conj/Erth      32%        3d9       10%         3
 Summon Ice Beast         Ice/Summ       16%        N/A       10%         3
 Tukima's Dance           Hex            16%        N/A       10%         3
 Vampiric Draining        Necr           16%        2d7       10%         3
 Airstrike                Air            8%         2d(2-18)  32%         4
 Anguish                  Hex/Necr       8%         N/A       32%         4
 Animate Armour           Summ/Erth      32%        N/A       32%         4
 Animate Dead             Necr           16%        N/A       32%         4
 Brom's Barrelling Bould  Conj/Erth      16%        2d4       32%         4
 Cause Fear               Hex            8%         N/A       32%         4
 Dispel Undead            Necr           16%        3d10      32%         4
 Flame Wave               Conj/Fire      16%        2d7       32%         4
 Fulminant Prism          Conj/Alch      8%         3d7       32%         4
 Ignite Poison            Fire/Alch      16%        N/A       32%         4
 Leda's Liquefaction      Alch/Erth      8%         N/A       32%         4
 Martyr's Knell           Necr/Summ      16%        N/A       32%         4
 Olgreb's Toxic Radiance  Alch           16%        N/A       32%         4
 Petrify                  Alch/Erth      16%        N/A       32%         4
 Sticky Flame             Fire/Alch      16%        2d5       32%         4
 Summon Blazeheart Golem  Fire/Summ      16%        N/A       32%         4
 Summon Lightning Spire   Summ/Air       16%        N/A       32%         4
 Alistair's Intoxication  Alch           10%        N/A       65%         5
 Arcjolt                  Conj/Air       8%         1d18      65%         5
 Borgnjor's Vile Clutch   Necr/Erth      8%         N/A       65%         5
 Curse of Agony           Necr           16%        N/A       65%         5
 Fireball                 Conj/Fire      8%         3d6       65%         5
 Freezing Cloud           Conj/Ice/Air   8%         6-21      65%         5
 Irradiate                Conj/Alch      8%         3d14      65%         5
 Iskenderun's Battlesphe  Conj           16%        2d7       65%         5
 Lee's Rapid Deconstruct  Erth           8%         3d7*      65%         5
 Metabolic Englaciation   Hex/Ice        8%         N/A       65%         5
 Silence                  Hex/Air        8%         N/A       65%         5
 Summon Mana Viper        Hex/Summ       16%        N/A       65%         5
 Yara's Violent Unravell  Hex/Alch       8%         3d5       65%         5
 Disjunction              Tloc           28%        N/A       69%         8
 Bombard                  Conj/Erth      8%         9d2       99%         6
 Conjure Ball Lightning   Conj/Air       8%         3x3d6     99%         6
 Death Channel            Necr           8%         N/A       99%         6
 Eringya's Noxious Bog    Alch           8%         4d6       99%         6
 Permafrost Eruption      Ice/Erth       8%         2x4d4     99%         6
 Plasma Beam              Fire/Air       8%         2x1d18    99%         6
 Sculpt Simulacrum        Ice/Alch       8%         N/A       99%         6
 Starburst                Conj/Fire      8%         6d4       99%         6
 Summon Cactus Giant      Summ           8%         N/A       99%         6
 Haunt                    Necr/Summ      8%         N/A       100%        7
 Monstrous Menagerie      Summ           8%         N/A       100%        7
 Orb of Destruction       Conj           8%         9d6       100%        7
 Ozocubu's Refrigeration  Ice            8%         4d9       100%        7
 Spellforged Servitor     Conj/Summ      8%         N/A       100%        7
 Summon Hydra             Summ           8%         N/A       100%        7
 Discord                  Hex            8%         N/A       100%        8
 Ignition                 Fire           8%         3d5       100%        8
 Infestation              Necr           8%         N/A       100%        8
 Lehudib's Crystal Spear  Conj/Erth      8%         10d3      100%        8
 Maxwell's Capacitive Co  Air            8%         ∞         100%        8
 Chain Lightning          Conj/Air       8%         3d10      100%        9
 Dragon's Call            Summ           8%         N/A       100%        9
 Fire Storm               Conj/Fire      8%         8d2       100%        9
 Shatter                  Erth           8%         3d10*     100%        9
 Sublimation of Blood     Necr           Unusable   N/A       N/A         2

Dungeon Overview and Level Annotations

Branches:
Dungeon (15/15)            Temple (1/1) D:7            Lair (5/5) D:9
  Swamp (4/4) Lair:3        Snake (4/4) Lair:2        Slime (5/5) Lair:5
    Orc (2/2) D:12            Elf (3/3) Orc:2        Vaults (5/5) D:13
  Crypt (3/3) Vaults:2       Tomb (3/3) Crypt:3      Depths (4/4) D:15
   Hell (visited)             Dis (7/7) Hell            Geh (7/7) Hell
    Coc (7/7) Hell            Tar (7/7) Hell            Zot (5/5) Depths:4

Altars:
Ashenzari
Cheibriados
Dithmenos
Elyvilon
Fedhas
Gozag
Hepliaklqana
Kikubaaqudgha
Makhleb
Nemelex Xobeh
Okawaru
Qazlal
Ru
Sif Muna
Trog
Uskayaw
Vehumet
Wu Jian
Xom
Yredelemnul
Zin
The Shining One
Beogh
Jiyva

Shops:
D:3 (*?   D:7 *   D:8 :*:   Orc:1 (   Orc:2 *!!:(   Elf:2 !   Snake:1 ?
Snake:3 =[*([   Vaults:2 *   Vaults:3 ?!=!   Vaults:5 ?(   Depths:1 =
Depths:3 **?

Portals:
Hell: Depths:1 Depths:2 Depths:3 Depths:4
Abyss: Depths:3 Depths:4
Pandemonium: Depths:2 Depths:3
Trove: D:15 (give 10 potions of heal wounds)

Annotations:
Zot:1 3 transporters


Innate Abilities, Weirdness & Mutations

You are a lightning-filled tempest!
Your electrical attacks strike out in all directions at once.
You are incredibly evasive.
Your insubstantial body is immune to petrification, constriction, and being set on fire You are flying.
Your armour is entirely melded.
You are incapable of wielding weapons or throwing items.
((Your serpentine skin is tough. (AC +9)))
You are immune to poison.
You have supernaturally acute eyesight. (SInv)
((Armour fits poorly on your strangely shaped body.))
((Your system is resistant to poisons. (rPois)))
((You cover ground very slowly.))
You can spit poison.
((You can use your snake-like lower body to constrict enemies.))
You are clumsy. (Dex -2)
You are robust. (+10% HP)


Message History

There is a stone staircase leading up here.
You fly upwards.
There is a stone staircase leading down here.
What level of the Dungeon? (default 1, ? - help) Myuxatam comes into view.
There is a stone staircase leading up here.
You fly upwards.
Your extra speed is starting to run out.
There is a stone staircase leading down here.
You feel yourself slow down.
HP restored.
A green death comes into view.
You blast the green death!!!!
You kill the green death!
The Council accepts your kill.
No target in view!
No target in view!
There is a stone staircase leading up here.
You fly upwards.
There is a stone staircase leading down here.
There is a stone staircase leading up here.
You fly upwards.
There is a stone staircase leading down here.
There is a stone staircase leading up here.
You fly upwards.
There is a stone staircase leading down here.
There is an open door here.
You see here a jackal skeleton.
There is a stone staircase leading up here.
You fly upwards.
There is a stone staircase leading down here.
You see here a +0 club.
Things that are here:
a +0 dagger; a kobold skeleton
There is an open door here.
There is an open door here.
There is a staircase leading out of the dungeon here.
An Orb Guardian comes into view.
There is a staircase leading out of the dungeon here.
You have escaped!

.............########.....# ###
....##.............##.....# #..
.....>....................# #..
##..#.)...................# #..
#..#........####.........# ###..
#..#...)................## #....
#.....##'#############...###.###
#######...♣♣###### ##..^..[...
♣....♣#..v.# ####......
♣....♣#....### ###.### ######
♣....♣#...##~♣ #.# .....#
####..#X#'#~~♣♣ #.# ####.#
#..#..#.#<#~~~♣ #.# .....#
#..#..#'###~~~♣ ##'### .###.#
#..#♣......~~~♣# #..... .# #.#
#''#♣.....~~ß~~# ##..... .###.#
#..######.~.~~~# #......


You could see an Orb Guardian.

Vanquished Creatures
  Cerebov (Pan)
  Antaeus (Coc:7)
  Asmodeus (Geh:7)
  the Royal Jelly (Slime:5)
  Dissolution (Slime:2)
  Gloorx Vloq (Pan)
  Mnoleg (Pan)
  Ereshkigal (Tar:7)
  the Serpent of Hell (Dis:7)
  7 ancient liches
  11 dread liches
  Frederick (Depths:4)
  Dispater (Dis:7)
  10 orbs of fire
  Mara (Depths:3)
  3 juggernauts
  Xtahua (Depths:4)
  25 royal mummies
  Parghit (Depths:4)
  Bai Suzhen (Vaults:4)
  21 shard shrikes
  Vashnia (Snake:3)
  5 Killer Klowns
  14 caustic shrikes
  A curse toe (Zot:1)
  Geryon (Hell)
  Jory (Vaults:4)
  12 golden dragons
  Nikola (Snake:4)
  5 profane servitors
  17 Brimstone Fiends
  4 iron giants
  14 bone dragons
  17 doom hounds
  An electric golem (Zot:5)
  Zenata (Vaults:4)
  19 Tzitzimimeh
  3 pandemonium lords (Pan)
  6 hellephants
  3 spectral shard shrikes
  19 Hell Sentinels
  25 Orb Guardians (Zot:5)
  18 tainted leviathans
  The ghost of Croata the Peltast, an adept FoAl of Cheibriados (Snake:3)
  Jorgrun (Swamp:2)
  17 Ice Fiends
  2 shard shrike skeletons
  Grunn (Zot:4)
  23 tentacled monstrosities
  22 searing wretches
  A walking divine tome (Depths:3)
  11 liches
  The ghost of Nilihum the Warrior, an adept DrAE of Vehumet (Snake:4)
  14 titans
  The ghost of Ymoomn the Bludgeoner, an adept MiBe of Trog (Snake:2)
  3 deep elf blademasters
  8 quicksilver dragons
  16 sphinxes
  A deep elf master archer (Elf:3)
  21 acid blobs
  33 Executioners
  35 ancient champions
  8 death cobs
  Agnes (D:14)
  Murray (Hell)
  Kirke (Snake:1)
  A tentacled starspawn (Abyss:3)
  Aizul (Snake:4)
  14 storm dragons
  6 shadow dragons
  3 thorn hunters
  10 tengu reavers
  4 draconian knights
  8 protean progenitors
  11 nagarajas
  7 revenants
  2 fenstrider witches
  8 narguns
  Roxanne (D:14)
  14 azure jellies
  2 draconian monks
  13 rockslimes
  26 fire giants
  6 iron dragons
  14 demonspawn warmongers (Pan)
  5 vault wardens
  3 angels
  7 draconian shifters
  A spectral caustic shrike (Tar:4)
  14 frost giants
  7 quicksilver elementals
  Louise (Elf:3)
  8 deep elf elementalists
  3 ghost moths
  10 shard shrike simulacra
  3 spectral juggernauts
  48 balrugs
  6 deep elf sorcerers
  4 draconian stormcallers
  A ghoul (Crypt:2)
  A caustic shrike zombie (Hell)
  4 curse skulls
  18 ironbound preservers
  17 cacodemons
  5 draconian scorchers
  An orc warlord (Vaults:2)
  31 reapers
  3 caustic shrike skeletons (Pan)
  13 formless jellyfish
  11 demonspawn blood saints (Pan)
  2 ophanim (Abyss:3)
  4 draconian annihilators
  14 quicksilver oozes
  7 demonspawn corrupters (Pan)
  10 very ugly things
  11 ironbound thunderhulks
  12 vampire knights
  8 demonspawn black suns (Pan)
  14 stone giants
  8 juggernaut skeletons (Pan)
  4 bennus
  15 putrid mouths
  5 green draconians
  6 black draconians
  7 deep elf death magi
  4 purple draconians
  6 deep elf demonologists
  24 war gargoyles
  21 elemental wellsprings
  4 lorocyprocas
  18 red draconians
  2 bunyips
  13 white draconians
  15 wendigos
  A spectral titan (Tar:1)
  The ghost of Cyalech the Warrior, a journeyman MiFi of Cheibriados (Lair:3)
  4 dire elephants (Vaults:3)
  12 spark wasps
  7 yellow draconians
  11 deep elf annihilators
  17 blizzard demons
  9 green deaths
  12 ettins
  10 iron golems
  6 spectral quicksilver dragons
  Josephine (D:10)
  A quicksilver dragon zombie (Crypt:3)
  Snorg (Orc:2)
  11 eidola
  7 fire dragons
  10 jiangshi
  2 entropy weavers
  A spectral golden dragon (Crypt:3)
  26 mummy priests
  7 deep elf high priests
  30 vault guards
  A shambling mangrove (Swamp:4)
  14 yaktaur captains
  A spectral iron giant (Crypt:3)
  The ghost of JaaP the Cleaver, a journeyman MDMo of the Shining One (Lair:1)
  8 ice dragons
  9 salamander tyrants
  15 great orbs of eyes
  2 spriggan zombies
  A quicksilver dragon skeleton (Crypt:3)
  A catoblepas (Lair:1)
  A spectral fenstrider witch (Tar:1)
  A fenstrider witch zombie (Crypt:1)
  3 ghost crabs
  16 hydras
  The ghost of Sapher the Thaumaturge, a journeyman MDEE of Cheibriados (Lair:5)
  5 starcursed masses (Abyss:3)
  4 alligators
  7 spectral spriggans
  4 hell beasts
  3 spriggan air magi
  3 spriggan skeletons (Crypt:1)
  3 death knights
  7 rakshasas
  2 radroaches (Pan)
  8 ironbound frosthearts
  11 stokers
  11 caustic shrike simulacra
  2 spectral shadow dragons (Crypt:3)
  3 peacekeepers
  A fenstrider witch skeleton (Tomb:3)
  9 anacondas
  8 ogre magi
  7 boulder beetles
  17 centaur warriors
  26 two-headed ogres
  60 dancing weapons
  The ghost of Konar the Nimble, a journeyman CoHu of Okawaru (D:9)
  4 juggernaut simulacra
  A merfolk aquamancer (Pan)
  3 deep troll shamans
  9 vampire magi
  58 death scarabs
  A demonic crawler (Pan)
  3 deep troll earth magi
  50 hell hogs
  3 spectral stone giants
  2 spriggan berserkers
  8 tengu warriors
  3 hell knights
  10 thrashing horrors (Abyss:3)
  23 naga sharpshooters
  8 death yaks
  2 spectral emperor scorpions (Pan)
  2 titan zombies
  2 occultists (Depths:3)
  4 shock serpents
  22 soul eaters
  22 naga warriors
  4 hellephant skeletons (Pan)
  2 spectral bunyips
  13 deep elf knights
  6 crystal echidnas
  4 spectral anacondas
  18 skeletal warriors
  5 skysharks
  A fire crab (Lair:3)
  An iron troll (Depths:2)
  23 sixfirhies
  A spectral death yak (Lair:1)
  61 sun demons
  2 titan skeletons
  23 shadow wraiths
  A golden dragon zombie (Tomb:1)
  3 cherubim
  4 goliath frogs
  10 flayed ghosts
  A wretched star (Abyss:3)
  5 salamander mystics
  11 mana vipers
  A sea snake (shapeshifter) (Depths:3)
  6 quicksilver dragon simulacra
  An orb spider (shapeshifter) (Vaults:5)
  A storm dragon skeleton (Tomb:1)
  A bunyip zombie (Swamp:2)
  A swamp dragon (shapeshifter) (Vaults:5)
  9 glowing orange brains
  An obsidian statue (Depths:4)
  7 shadow demons
  5 swamp dragons
  3 spriggan simulacra
  An anaconda zombie (Crypt:1)
  40 deep trolls
  9 deep elf archers
  8 bog bodies
  6 sun moths (Pan)
  3 spectral alligators (Swamp:4)
  2 mana vipers (shapeshifter)
  4 spectral hydras
  4 spriggan druids
  9 naga ritualists
  9 arcanists
  8 orc knights
  A fenstrider witch simulacrum (Coc:1)
  2 harpies (Vaults:1)
  38 deep elf pyromancers
  A steelbarb worm (shapeshifter) (Vaults:5)
  2 golden dragon skeletons
  25 phantasmal warriors
  3 lindwurms (Vaults:4)
  19 ironbound convokers
  2 alligator zombies (Swamp:4)
  A lightning spire (Depths:2)
  8 necromancers
  2 thermic dynamos (Elf:1)
  A shining eye (shapeshifter) (Vaults:4)
  A wolf spider zombie (D:12)
  27 deep elf zephyrmancers
  A stone giant zombie (Tomb:2)
  10 shining eyes
  3 wolf spiders
  2 spectral ettins
  26 salamanders
  6 manticores
  Maurice (D:11)
  2 shadow dragon skeletons
  7 cyclopes
  2 will-o-the-wisps (Swamp:4)
  2 spectral centaurs (Crypt:3)
  2 fire giant zombies (Crypt:2)
  38 ugly things
  2 spectral alligator snapping turtles (Crypt:3)
  29 moths of wrath
  38 black mambas
  A kobold blastminer (Orc:2)
  2 frost giant skeletons (Vaults:2)
  A centaur zombie (D:15)
  A meliai (shapeshifter) (D:13)
  3 stone giant skeletons (Vaults:2)
  A cane toad (shapeshifter) (D:14)
  2 gargoyles (D:12)
  5 human skeletons
  4 elephants (Lair:5)
  Joseph (Lair:1)
  4 rust devils
  20 vault sentinels
  A molten gargoyle (Hell)
  2 titan simulacra
  22 naga magi
  13 guardian serpents
  3 torpor snails
  20 orange demons
  2 centaur skeletons
  19 large abominations
  21 smoke demons
  A fire giant skeleton (Crypt:3)
  4 swamp worm zombies (Swamp:4)
  5 eyes of devastation
  21 hellions
  9 komodo dragons
  A purple draconian zombie (Crypt:1)
  25 cane toads
  Jeremiah (D:7)
  18 tormentors
  3 efreet
  19 freezing wraiths
  6 iron giant simulacra
  5 anaconda simulacra
  5 ice devils
  5 rime drakes
  17 yaktaurs
  2 bunyip simulacra (Swamp:2)
  A kobold demonologist (D:6)
  A death yak skeleton (Crypt:3)
  A grey draconian skeleton (Crypt:2)
  A harpy zombie (Crypt:3)
  3 red devils (Pan)
  An ancient zyme (Abyss:3)
  4 hydra zombies (Swamp:4)
  3 spectral harpies
  An alligator snapping turtle skeleton (Tomb:3)
  4 tengu conjurers
  61 guardian mummies
  3 silent spectres
  12 trolls
  A hornet (shapeshifter) (Vaults:5)
  A merfolk (shapeshifter) (Vaults:4)
  A tengu simulacrum (Crypt:3)
  7 tyrant leeches
  2 bloated husks
  23 hellwings
  20 hornets
  An ice dragon zombie (Crypt:1)
  A harpy skeleton (D:12)
  An alligator simulacrum (Swamp:2)
  3 shadow dragon simulacra
  2 polar bears
  4 glass eyes
  15 blink frogs
  5 raiju
  An ettin zombie (Tomb:2)
  2 iron dragon simulacra
  A spectral swamp dragon (Swamp:4)
  120 slime creatures
  3 centaur simulacra
  A jumping spider (Vaults:1)
  A black mamba zombie (Tomb:3)
  10 dire elephant simulacra
  3 ettin skeletons
  A stone giant simulacrum (Coc:4)
  Sigmund (D:4)
  3 naga simulacra
  5 water elementals
  12 ynoxinuls
  21 spriggans
  4 tyrant leech zombies (Swamp:4)
  3 shadows
  17 wraiths
  8 golden eyes
  11 air elementals
  18 wyverns
  2 basilisks (Lair:4)
  67 yaks
  2 fire elementals
  2 humans (D:7)
  12 neqoxecs
  5 hogs (Snake:1)
  16 ushabtiu
  A fire bat (Pan)
  A steam dragon (Lair:3)
  A warg (D:9)
  A redback (D:13)
  4 chaos spawn
  Edmund (D:4)
  19 harpy simulacra
  6 vampire mosquitoes
  53 nagas
  3 acid dragons
  15 swamp worms
  An entropy weaver zombie (Crypt:3)
  6 hydra simulacra
  15 hell hounds
  4 naga skeletons
  20 water moccasins
  A cane toad skeleton (Crypt:1)
  25 orc warriors
  3 swamp dragon zombies (Swamp:4)
  A sky beast (D:8)
  2 black bears
  An ice dragon simulacrum (Coc:5)
  A hornet zombie (D:15)
  29 laughing skulls
  5 ettin simulacra
  5 ice beasts
  A black bear (shapeshifter) (D:15)
  25 ogres
  A black mamba simulacrum (Lair:1)
  An elephant skeleton (Crypt:3)
  A manticore skeleton (Crypt:2)
  5 boggarts
  10 centaurs
  6 wolves
  8 phantoms
  6 kobold brigands
  11 bullfrogs
  A yaktaur zombie (Crypt:3)
  2 scorpions
  A brain worm (Pan)
  3 gnoll sergeants
  2 earth elementals (Elf:2)
  4 small abominations (Abyss:3)
  5 wights (D:9)
  A water moccasin skeleton (Crypt:1)
  A hornet simulacrum (D:14)
  A queen bee zombie (Crypt:2)
  6 killer bees
  10 electric eels
  9 howler monkeys
  A raiju skeleton (Crypt:3)
  A torpor snail simulacrum (Lair:1)
  A bombardier beetle (D:4)
  4 lava snakes (Lair:2)
  A komodo dragon simulacrum (Lair:1)
  4 hounds (D:9)
  15 orc priests
  A jelly (D:7)
  2 sleepcaps (D:5)
  22 orc wizards
  7 hell rats (Lair:3)
  A boggart zombie (D:15)
  3 iguanas (D:6)
  A killer bee zombie (Crypt:1)
  2 boggart skeletons
  A tengu skeleton (Crypt:1)
  57 mummies
  A howler monkey skeleton (Crypt:3)
  A howler monkey zombie (Crypt:2)
  5 adders
  19 gnolls
  5 river rats (Lair:3)
  A swamp drake skeleton (Crypt:1)
  5 shadow imps
  A ribbon worm zombie (Crypt:1)
  3 white imps
  4 ufetubi (D:5)
  A lava snake skeleton (Crypt:3)
  A ribbon worm (D:2)
  2 dart slugs
  85 orcs
  7 endoplasms
  5 giant cockroaches
  5 goblins
  6 hobgoblins
  10 jackals
  6 quokkas
  5 ball pythons
  7 bats
  4 frilled lizards
  A frilled lizard (shapeshifter) (Elf:2)
  34 kobolds
  2 rats (Lair:3)
  7 aspiring fleshes
  3 creeping infernos
  19 fire vortices
  A spectral weapon (Zot:5)
4014 creatures vanquished.

Vanquished Creatures (collateral kills)
  A death scarab (Tomb:3)
  Amaemon (Lair:1)
  A basilisk (Lair:1)
  2 mummies (Tomb:3)
5 creatures vanquished.

Vanquished Creatures (others)
  2 shard shrikes
  An electric golem (Zot:5)
  Mlioglotl (Snake:4)
  A titan (Coc:3)
  An eldritch tentacle (Zot:5)
  A fire giant (Geh:5)
  3 balrugs
  A shard shrike simulacrum (Coc:7)
  A very ugly thing (Vaults:5)
  A white draconian (Depths:4)
  A green death (Pan)
  A rakshasa (Pan)
  2 caustic shrike simulacra
  3 stokers (Geh:7)
  2 deep elf knights (Elf:2)
  A spriggan simulacrum (Coc:7)
  3 lightning spires (Depths:2)
  A deep elf pyromancer (Elf:2)
  A cyclops (D:13)
  A titan simulacrum (Coc:2)
  2 salamanders (Snake:4)
  An anaconda simulacrum (Coc:7)
  A golden dragon simulacrum (Coc:5)
  4 bloated husks
  A human (Snake:1)
  2 harpy simulacra (Coc:7)
  A hydra simulacrum (Coc:4)
  2 ettin simulacra (Coc:7)
  2 phantoms (Swamp:4)
  An orc (D:12)
  3 ball lightnings (Pan)
  6 creeping infernos
  3 fire vortices
  2 foxfires (Swamp:4)
60 creatures vanquished.

Grand Total: 4079 creatures vanquished

Notes
Turn   | Place    | Note
-------+----------+-------------------------------------------
     0 | D:1      | MagicSucks the Naga Shapeshifter began the quest for the
                  | Orb.
     0 | D:1      | Reached XP level 1. HP: 18/18 MP: 1/1
   191 | D:1      | Reached XP level 2. HP: 10/25 MP: 2/2
   485 | D:1      | Reached XP level 3. HP: 16/31 MP: 3/3
  1281 | D:3      | Found Duuschiu's Weapon Shop.
  1333 | D:3      | Reached XP level 4. HP: 39/39 MP: 4/4
  1453 | D:3      | Found Gaor's Assorted Antiques.
  1468 | D:3      | Bought a garnet ring for 120 gold pieces
  1558 | D:3      | Found a white marble altar of Elyvilon.
  1564 | D:3      | Found Ymafocvob's Magic Scroll Shoppe.
  1600 | D:3      | Reached XP level 5. HP: 25/46 MP: 5/5
  2140 | D:4      | Identified the ring "Ecvarryaxo" {EV+5 Int+2 Dex+4}
  2235 | D:4      | Found a blossoming altar of Fedhas.
  2235 | D:4      | Noticed Edmund
  2261 | D:4      | Killed Edmund
  2262 | D:4      | Reached skill level 5 in Shapeshifting
  2262 | D:4      | Reached XP level 6. HP: 37/56 MP: 6/6
  2436 | D:4      | Noticed Sigmund
  2445 | D:4      | Killed Sigmund
  2446 | D:4      | Reached XP level 7. HP: 14/63 MP: 7/7
  2688 | D:4      | You fall into a shaft and drop 1 floor!
  2688 | D:5      | Entered Level 5 of the Dungeon
  2938 | D:5      | Found a radiant altar of Vehumet.
  2939 | D:5      | Found a stormy altar of Qazlal.
  2940 | D:5      | Found a snail-covered altar of Cheibriados.
  2940 | D:5      | Found a bloodstained altar of Trog.
  3116 | D:4      | Reached skill level 5 in Unarmed Combat
  3715 | D:5      | Reached XP level 8. HP: 34/73 MP: 8/8
  3876 | D:5      | Found a glowing silver altar of Zin.
  4255 | D:6      | Found a transporter.
  4289 | D:6      | Noticed a kobold demonologist
  4350 | D:6      | Noticed a yak
  4350 | D:6      | Noticed a yak
  4364 | D:6      | Killed a yak
  4461 | D:6      | Found a transporter.
  4633 | D:6      | Noticed a yak
  4633 | D:6      | Noticed a yak
  4655 | D:6      | Killed a yak
  4656 | D:6      | Reached skill level 5 in Fighting
  4659 | D:6      | Noticed a yak
  4673 | D:6      | Killed a yak
  4681 | D:6      | Killed a yak
  4682 | D:6      | Reached XP level 9. HP: 34/81 MP: 9/9
  5843 | D:7      | Noticed Jeremiah
  6311 | D:7      | Reached XP level 10. HP: 58/92 MP: 10/10
  6477 | D:7      | Found Ympaut's CLEARANCE SALE!.
  6481 | D:7      | Bought a potion of curing for 12 gold pieces
  6625 | D:7      | Identified the +4 executioner's axe "Naga's Regret"
                  | {freeze, Dex+5}
  6645 | D:7      | Found an iron altar of Okawaru.
  6916 | D:7      | Found a staircase to the Ecumenical Temple.
  6922 | Temple   | Entered the Ecumenical Temple
  6964 | Temple   | Became a worshipper of the Wu Jian Council
  7146 | D:8      | Found Zaefiaw's Assorted Antiques.
  7152 | D:8      | Bought a scroll labelled WUATHUTE LEGU for 17 gold pieces
  7174 | D:8      | Bought a copper wand for 68 gold pieces
  7468 | D:8      | Found Ciph's Book Emporium.
  7526 | D:8      | Reached skill level 10 in Shapeshifting
  7679 | D:8      | Found Loowal's Book Shop.
  7756 | D:8      | Found a burning altar of Makhleb.
  7808 | D:8      | Found a shimmering altar of Xom.
  8186 | D:9      | Noticed a cyclops
  8203 | D:9      | Killed a cyclops
  8478 | D:9      | Reached * piety under Wu Jian
  9124 | D:9      | Found a hide-covered altar of Uskayaw.
  9260 | D:9      | Found a staircase to the Lair.
  9449 | D:9      | Reached XP level 11. HP: 93/103 MP: 11/11
  9679 | D:9      | Noticed a centaur warrior
  9682 | D:9      | Noticed a deep elf pyromancer
 10114 | D:9      | Identified the ring of Sudgh {rElec rF+ Str+5 Int+6 Stlth-}
 10120 | D:9      | Killed a centaur warrior
 10251 | D:9      | Identified the +1 leather armour of the Lizard {rElec}
 10258 | D:9      | Killed a deep elf pyromancer
 10369 | D:9      | Found a basalt altar of Yredelemnul.
 10627 | D:9      | Noticed a six-headed hydra
 10635 | D:9      | Killed a six-headed hydra
 10729 | D:10     | Entered Level 10 of the Dungeon
 10914 | D:10     | Found a runed translucent gate.
 10915 | D:10     | Found a runed translucent gate.
 10915 | D:10     | Found a runed translucent gate.
 10918 | D:10     | Noticed Konar's ghost (journeyman CoHu)
 10964 | D:10     | Noticed Josephine
 10978 | D:10     | Killed Josephine
 11034 | D:10     | Identified the +1 leather armour "Eluloath" {Int-5 Dex+5}
 11281 | D:10     | Found a roughly hewn altar of Beogh.
 11317 | D:11     | Noticed Maurice
 11335 | D:11     | Killed Maurice
 11577 | D:11     | Noticed a cyclops
 11584 | D:11     | Killed a cyclops
 11585 | D:11     | Reached skill level 10 in Unarmed Combat
 11585 | D:11     | Noticed a two-headed ogre
 11931 | D:11     | Noticed a cyclops
 11937 | D:11     | Killed a cyclops
 11938 | D:11     | Reached XP level 12. HP: 116/116 MP: 12/12
 12047 | D:11     | Killed a two-headed ogre
 12107 | D:11     | Reached ** piety under Wu Jian
 12337 | D:11     | Noticed a boulder beetle
 12348 | D:11     | Killed a boulder beetle
 12816 | Lair:1   | Entered Level 1 of the Lair of Beasts
 12829 | Lair:1   | Noticed a catoblepas
 12841 | Lair:1   | Killed a catoblepas
 12842 | Lair:1   | Reached skill level 10 in Fighting
 12887 | Lair:1   | Noticed a death yak
 12899 | Lair:1   | Noticed a death yak
 12902 | Lair:1   | Killed a death yak
 12909 | Lair:1   | Killed a death yak
 13302 | Lair:1   | Noticed a skyshark
 13312 | Lair:1   | Killed a skyshark
 13458 | Lair:1   | Identified the +5 glaive "Qiskiaxt" {freeze, ^Fragile Will+
                  | Int+3}
 13657 | Lair:1   | Found a runed translucent gate.
 13657 | Lair:1   | Found a runed translucent gate.
 13666 | Lair:1   | Found a runed translucent gate.
 13669 | Lair:1   | Noticed JaaP's ghost (journeyman MDMo)
 13885 | Lair:1   | Noticed Joseph
 13888 | Lair:1   | Noticed Amaemon
 13896 | Lair:1   | Killed Joseph
 14199 | Lair:1   | Killed Amaemon
 14562 | Lair:2   | Reached *** piety under Wu Jian
 14567 | Lair:2   | Gained mutation: You can use your snake-like lower body to
                  | constrict enemies. [Naga growth]
 14567 | Lair:2   | Reached XP level 13. HP: 127/127 MP: 13/13
 14640 | Lair:2   | Reached skill level 5 in Dodging
 15037 | Lair:2   | Found a staircase to the Snake Pit.
 15586 | Lair:3   | Reached **** piety under Wu Jian
 15774 | Lair:3   | Found a runed translucent door.
 15884 | Lair:3   | Noticed Cyalech's ghost (journeyman MiFi)
 16065 | Lair:3   | Identified the ring "Zonnurot" {rPois Will+ Str+8 Int-4
                  | Stlth+}
 16836 | Lair:3   | Found a staircase to the Swamp.
 17110 | D:9      | Killed Konar's ghost
 17351 | D:10     | Identified the +1 cloak of Unimatz {^Contam rF+ Stlth+}
 17692 | Lair:4   | Reached ***** piety under Wu Jian
 17712 | Lair:4   | Reached XP level 14. HP: 129/139 MP: 14/14
 18041 | Lair:4   | Identified a scroll of acquirement
 18041 | Lair:4   | Acquired a storm talisman
 18815 | Lair:5   | Entered Level 5 of the Lair of Beasts
 19720 | Lair:5   | Found a transporter.
 19727 | Lair:5   | Noticed Sapher's ghost (journeyman MDEE)
 19778 | Lair:5   | Found a transporter.
 19783 | Lair:5   | Found a bloodstained altar of Trog.
 20162 | Lair:5   | Found a runed translucent door.
 20176 | Lair:5   | Noticed an azure jelly
 20178 | Lair:5   | Found a viscous altar of Jiyva.
 20178 | Lair:5   | Found a staircase to the Slime Pits.
 20178 | Lair:5   | Noticed an azure jelly
 20178 | Lair:5   | Noticed an azure jelly
 21714 | Lair:1   | Killed JaaP's ghost
 21714 | Lair:1   | Reached XP level 15. HP: 152/152 MP: 15/15
 21716 | Lair:1   | Reached skill level 15 in Shapeshifting
 22193 | D:12     | Found a staircase to the Orcish Mines.
 22377 | D:12     | Reached skill level 15 in Fighting
 22384 | D:12     | Found the +4 Cigotuvi's embrace {Corpsefed rMiasma ^Drain
                  | rN+}
 22415 | D:12     | Learned a level 4 spell: Manifold Assault
 22419 | D:12     | Learned a level 3 spell: Ozocubu's Armour
 22735 | D:12     | Reached ****** piety under Wu Jian
 22853 | D:13     | Found a white marble altar of Elyvilon.
 23017 | D:13     | Found a gate to the Vaults.
 24049 | D:14     | Identified the ring "Antet" {^Contam rElec rPois rC- rCorr}
 24060 | D:14     | Noticed Agnes
 24063 | D:14     | Killed Agnes
 24275 | D:14     | Noticed Roxanne
 24299 | D:14     | Killed Roxanne
 24356 | D:14     | Reached XP level 16. HP: 166/166 MP: 16/16
 24623 | D:15     | Entered Level 15 of the Dungeon
 24645 | D:15     | Reached skill level 1 in Shields
 24797 | D:15     | Found a portal to a secret trove of treasure.
 24900 | D:15     | Found a staircase to the Depths.
 25004 | D:15     | Paralysed by an ogre mage for 2 turns
 25534 | Orc:1    | Entered Level 1 of the Orcish Mines
 25569 | Orc:1    | Found Vam Cobar's Weapon Shoppe.
 25644 | Orc:2    | Entered Level 2 of the Orcish Mines
 25739 | Orc:2    | Reached skill level 5 in Shields
 25782 | Orc:2    | Found Vulot's Distillery.
 25782 | Orc:2    | Found Zaihuamy's Antique Weapon Emporium.
 25783 | Orc:2    | Found Hicewn's Distillery.
 25783 | Orc:2    | Found Xushrowo's Book Boutique.
 25796 | Orc:2    | Bought a potion of heal wounds for 55 gold pieces
 25796 | Orc:2    | Bought a potion of heal wounds for 55 gold pieces
 25796 | Orc:2    | Bought a potion of curing for 33 gold pieces
 25796 | Orc:2    | Bought a potion of berserk rage for 55 gold pieces
 25796 | Orc:2    | Bought a potion of might for 44 gold pieces
 25796 | Orc:2    | Bought a potion of lignification for 33 gold pieces
 25796 | Orc:2    | Bought a potion of haste for 110 gold pieces
 25796 | Orc:2    | Bought a potion of heal wounds for 55 gold pieces
 25797 | Orc:2    | Bought a potion of might for 60 gold pieces
 25797 | Orc:2    | Bought a potion of heal wounds for 75 gold pieces
 25797 | Orc:2    | Bought a potion of magic for 120 gold pieces
 25797 | Orc:2    | Bought a potion of heal wounds for 75 gold pieces
 25797 | Orc:2    | Bought a potion of ambrosia for 120 gold pieces
 25820 | Orc:2    | Found a staircase to the Elven Halls.
 25849 | Orc:2    | Found Agel's Gadget Gallery.
 25927 | Orc:2    | Noticed Snorg
 25930 | Orc:2    | Killed Snorg
 26302 | Snake:1  | Entered Level 1 of the Snake Pit
 26327 | Snake:1  | Found Tiqotesm's Magic Scroll Shop.
 26337 | Snake:1  | Bought a scroll of revelation for 150 gold pieces
 26337 | Snake:1  | Bought a scroll of revelation for 150 gold pieces
 26337 | Snake:1  | Bought a scroll of revelation for 150 gold pieces
 26585 | Snake:1  | Noticed Kirke
 26595 | Snake:1  | Killed Kirke
 26740 | Snake:1  | Reached XP level 17. HP: 177/177 MP: 17/17
 27178 | Snake:2  | Found a large runed translucent door.
 27179 | Snake:2  | Found a large runed translucent door.
 27797 | Snake:2  | Noticed Ymoomn's ghost (adept MiBe)
 28202 | Snake:2  | Killed Ymoomn's ghost
 28273 | Snake:3  | Found Zunteam's Jewellery Boutique.
 28273 | Snake:3  | Found Puovae's Weapon Shop.
 28333 | Snake:3  | Noticed Vashnia
 28346 | Snake:3  | Found Zoireag's Armour Shoppe.
 28367 | Snake:3  | Killed Vashnia
 28376 | Snake:3  | Reached skill level 15 in Unarmed Combat
 28396 | Snake:3  | Reached XP level 18. HP: 186/186 MP: 18/18
 28513 | Snake:3  | Found Apicubla's General Store.
 28528 | Snake:3  | Found a bloodstained altar of Trog.
 28550 | Snake:3  | Noticed Croata's ghost (adept FoAl)
 28555 | Snake:3  | Found a runed translucent door.
 28609 | Snake:3  | Killed Croata's ghost
 28616 | Snake:3  | Reached XP level 19. HP: 193/193 MP: 19/19
 28731 | Snake:3  | Found Duckack's Antique Armour Shoppe.
 28788 | Snake:4  | Entered Level 4 of the Snake Pit
 29012 | Snake:4  | Noticed Mlioglotl
 29012 | Snake:4  | Noticed Nikola
 29018 | Snake:4  | Killed Mlioglotl
 29031 | Snake:4  | Killed Nikola
 29193 | Snake:4  | Noticed Nilihum's ghost (adept DrAE)
 29201 | Snake:4  | Found a transporter.
 29236 | Snake:4  | Found a transporter.
 29251 | Snake:4  | Identified the serpent talisman of the Bells {rElec rC+
                  | SInv}
 29251 | Snake:4  | Noticed Aizul
 29255 | Snake:4  | Killed Aizul
 30009 | Snake:4  | Got a serpentine rune of Zot
 30143 | Snake:4  | Killed Nilihum's ghost
 30146 | Snake:4  | Identified the ring of Opnezxim {rElec EV+5 Dex+2}
 30155 | Snake:4  | Identified the staff "Vanwocas" {+Blink rPois Alchemy}
 30347 | Lair:5   | Killed Sapher's ghost
 30442 | Swamp:1  | Entered Level 1 of the Swamp
 30512 | Swamp:1  | Reached XP level 20. HP: 202/202 MP: 20/20
 30595 | Swamp:1  | Reached skill level 1 in Translocations
 31298 | Swamp:2  | Found a sacrificial altar of Ru.
 31360 | Swamp:2  | Noticed Jorgrun
 31368 | Swamp:2  | Killed Jorgrun
 31972 | Swamp:4  | Entered Level 4 of the Swamp
 32044 | Swamp:4  | Identified the serpent talisman of the Turtledove {rElec
                  | rC+ MP+9}
 32179 | Swamp:4  | Identified the +8 arbalest of Animal Spirits {drain, rF+
                  | rC+}
 32355 | Swamp:4  | Reached skill level 10 in Dodging
 32361 | Swamp:4  | Reached skill level 5 in Translocations
 32461 | Swamp:4  | Noticed a bone dragon
 32471 | Swamp:4  | Killed a bone dragon
 32510 | Swamp:4  | Got a decaying rune of Zot
 32941 | Vaults:1 | Entered Level 1 of the Vaults
 33379 | Vaults:1 | Identified the ring "Suwahod" {rC++ EV+5}
 33661 | Vaults:1 | Reached XP level 21. HP: 210/210 MP: 21/21
 34902 | Vaults:2 | Found Otheh's Assorted Antiques.
 34916 | Vaults:2 | Bought a potion of haste for 320 gold pieces
 34916 | Vaults:2 | Bought a scroll of teleportation for 96 gold pieces
 34994 | Vaults:2 | Identified the ring of Oduuzu Buast {Int+6 SInv}
 35225 | Vaults:2 | Found a staircase to the Crypt.
 35711 | Vaults:2 | Identified the +5 chain mail "Festimadd" {^Contam Dex+4}
 35734 | Vaults:2 | Identified the flux talisman of Fanaticism {Will+}
 35989 | Vaults:3 | Found Qewe Nep's Distillery.
 35996 | Vaults:3 | Bought a potion of berserk rage for 85 gold pieces
 35996 | Vaults:3 | Bought a potion of ambrosia for 136 gold pieces
 35996 | Vaults:3 | Bought a potion of cancellation for 136 gold pieces
 35996 | Vaults:3 | Bought a potion of invisibility for 136 gold pieces
 36112 | Vaults:3 | Reached skill level 10 in Translocations
 36275 | Vaults:3 | Found Liridghyf's Magic Scroll Shoppe.
 36285 | Vaults:3 | Bought a scroll of teleportation for 36 gold pieces
 36354 | Vaults:3 | Found Ranoumyri's Distillery.
 36367 | Vaults:3 | Bought a potion of heal wounds for 55 gold pieces
 36367 | Vaults:3 | Bought a potion of curing for 33 gold pieces
 36367 | Vaults:3 | Bought a potion of magic for 88 gold pieces
 36367 | Vaults:3 | Bought a potion of haste for 110 gold pieces
 36367 | Vaults:3 | Bought a potion of berserk rage for 55 gold pieces
 36367 | Vaults:3 | Bought a potion of berserk rage for 55 gold pieces
 36406 | Vaults:3 | Reached XP level 22. HP: 218/218 MP: 22/22
 36750 | Vaults:3 | Found Uschih's Armour Shop.
 36838 | Vaults:3 | Found Xeigoam's Jewellery Shop.
 37199 | Vaults:4 | Noticed Bai Suzhen
 37202 | Vaults:4 | Noticed Zenata
 37243 | Vaults:4 | Killed Zenata
 37263 | Vaults:4 | Killed Bai Suzhen
 37271 | Vaults:4 | Noticed Jory
 37327 | Vaults:4 | Killed Jory
 38165 | Elf:1    | Entered Level 1 of the Elven Halls
 38217 | Elf:1    | Found a radiant altar of Vehumet.
 38441 | Elf:1    | Reached skill level 1 in Spellcasting
 39052 | Elf:2    | Paralysed by an air elemental for 1 turns
 39055 | Elf:2    | Paralysed by an air elemental for 1 turns
 39164 | Elf:2    | Found Vudush's Distillery.
 39176 | Elf:2    | Bought a potion of heal wounds for 95 gold pieces
 39176 | Elf:2    | Bought a potion of berserk rage for 95 gold pieces
 39333 | Elf:2    | Reached XP level 23. HP: 225/225 MP: 28/28
 39343 | Elf:2    | Found a runed translucent gate.
 39350 | Elf:2    | Found a runed translucent gate.
 39350 | Elf:2    | Found a runed translucent gate.
 39644 | Elf:2    | Reached skill level 5 in Spellcasting
 39898 | Elf:3    | Entered Level 3 of the Elven Halls
 40473 | Elf:3    | Noticed Louise
 40495 | Elf:3    | Killed Louise
 40513 | Elf:3    | Identified the +1 glaive "Loinkiovu" {flame, rCorr Int+2}
 40684 | Elf:3    | Got the Incunable of the Door
 40699 | Elf:3    | Identified the staff of the Devouring Augurer {*Slow rElec
                  | rPois rN+ Necro Earth}
 40732 | Elf:3    | Identified the +0 pair of boots of Youthful Indiscretion
                  | {*Slow MP+9 Str+2 Int+4}
 41260 | Vaults:3 | Bought the brooch of Shielding {Spirit SH+8} for 845 gold
                  | pieces
 41260 | Vaults:3 | Found the brooch of Shielding {Spirit SH+8}
 41456 | Depths:1 | Entered Level 1 of the Depths
 41699 | Depths:1 | Found Mueck's Jewellery Shoppe.
 41764 | Depths:1 | Found a gateway to Hell.
 42435 | Depths:2 | Noticed a golden dragon
 42445 | Depths:2 | Killed a golden dragon
 42674 | Depths:2 | Noticed a golden dragon
 42679 | Depths:2 | Killed a golden dragon
 42738 | Depths:2 | Noticed a golden dragon
 42743 | Depths:2 | Killed a golden dragon
 42955 | Depths:2 | Noticed a golden dragon
 42964 | Depths:2 | Killed a golden dragon
 42965 | Depths:2 | Reached XP level 24. HP: 190/235 MP: 29/36
 43043 | Depths:2 | Found the +0 cloak of the Thief {Quiet Slay-3 SInv Stlth+}
 43626 | Depths:2 | Found a runed translucent door.
 43821 | Depths:2 | Found a one-way gate leading to the halls of Pandemonium.
 44237 | Depths:2 | Identified the staff of Adverse Possession {^Contam ^Drain
                  | rElec rPois rN+++ Air}
 44547 | Lair:3   | Killed Cyalech's ghost
 44640 | Lair:5   | Reached skill level 10 in Spellcasting
 44817 | D:7      | Killed Jeremiah
 45243 | Depths:3 | Found a one-way gateway to a ziggurat.
 45243 | Depths:3 | Noticed a dread lich
 45251 | Depths:3 | Killed a dread lich
 45259 | Depths:3 | Found Dithel's General Store.
 45404 | Depths:3 | Bought a potion of curing for 30 gold pieces
 45404 | Depths:3 | Bought a potion of berserk rage for 50 gold pieces
 45757 | Depths:3 | Noticed Mara
 45759 | Depths:3 | Noticed MagicSucks's illusion
 45792 | Depths:3 | Found Plog's Assorted Antiques.
 45804 | Depths:4 | Entered Level 4 of the Depths
 45943 | Depths:3 | Found a one-way gate to the infinite horrors of the Abyss.
 45954 | Depths:3 | Bought a scroll of summoning for 427 gold pieces
 46048 | Depths:3 | Found Coonuqej's Magic Scroll Shop.
 46051 | Depths:3 | Noticed a juggernaut
 46051 | Depths:3 | Identified the amulet "Qeozigur" {Spirit rElec Int+2}
 46069 | Depths:3 | Killed a juggernaut
 46070 | Depths:3 | Noticed MagicSucks's illusion
 46077 | Depths:3 | Killed Mara
 46227 | Depths:3 | Bought a scroll of blinking for 180 gold pieces
 46517 | Depths:4 | Noticed Xtahua
 46526 | Depths:4 | Killed Xtahua
 46658 | Depths:4 | Noticed Parghit
 46664 | Depths:4 | Killed Parghit
 46698 | Depths:4 | Identified the +3 war axe of the Establishment {antimagic,
                  | rCorr}
 46723 | Depths:4 | Found a gate to the Realm of Zot.
 46738 | Depths:4 | Reached XP level 25. HP: 220/246 MP: 36/37
 46872 | Depths:4 | Identified the staff "Zepoklus" {rF+ Will+ Fire Air}
 47230 | Depths:4 | Identified the orb "Josanoi" {*channel, rCorr Dex+7}
 47230 | Depths:4 | Noticed Frederick
 47239 | Depths:4 | Killed Frederick
 47735 | Vaults:5 | Entered Level 5 of the Vaults
 48264 | Vaults:5 | Gained mutation: You have hidden genetic defects. [a
                  | shining eye]
 48356 | Vaults:5 | Identified the ring of the Sun {rN+ Str+2 Dex+4}
 48393 | Vaults:5 | Gained mutation: Your body sometimes deteriorates upon
                  | taking damage. [hidden defects]
 48408 | Vaults:5 | Noticed a dread lich
 48723 | Vaults:5 | Killed a dread lich
 48724 | Vaults:5 | Reached skill level 15 in Dodging
 48935 | Vaults:5 | Found Zetramm's Magic Scroll Shop.
 48952 | Vaults:5 | Bought a scroll of teleportation for 69 gold pieces
 48952 | Vaults:5 | Bought a scroll of fog for 92 gold pieces
 48952 | Vaults:5 | Bought a scroll of summoning for 218 gold pieces
 48952 | Vaults:5 | Bought a scroll of summoning for 218 gold pieces
 49247 | Vaults:5 | Got a silver rune of Zot
 49249 | Vaults:5 | Identified the +0 cloak of Greed {rElec Str+4 Slay-3}
 49343 | Vaults:5 | Noticed a dread lich
 49355 | Vaults:5 | Killed a dread lich
 49359 | Vaults:5 | Gained mutation: You are frail. (-10% HP) [hidden defects]
 49359 | Vaults:5 | Lost mutation: You have hidden genetic defects. [hidden
                  | defects expressed]
 49367 | Vaults:5 | Lost mutation: Your body sometimes deteriorates upon taking
                  | damage. [potion of mutation]
 49367 | Vaults:5 | Lost mutation: You are frail. (-10% HP) [potion of
                  | mutation]
 49367 | Vaults:5 | Gained mutation: You are vulnerable to cold. (rC-) [potion
                  | of mutation]
 49367 | Vaults:5 | Gained mutation: You expend magic power (3 MP) to
                  | strengthen your wands. [potion of mutation]
 49367 | Vaults:5 | Gained mutation: Your spells are a little harder to cast,
                  | but a little more powerful. [potion of mutation]
 49368 | Vaults:5 | Lost mutation: You expend magic power (3 MP) to strengthen
                  | your wands. [potion of mutation]
 49368 | Vaults:5 | Lost mutation: You are vulnerable to cold. (rC-) [potion of
                  | mutation]
 49368 | Vaults:5 | Gained mutation: You occasionally shout uncontrollably at
                  | your foes. [potion of mutation]
 49368 | Vaults:5 | Lost mutation: Your spells are a little harder to cast, but
                  | a little more powerful. [potion of mutation]
 49689 | Vaults:5 | Found the +1 eveningstar "Brilliance" {foul flame, Umbra}
 49693 | Vaults:5 | Identified the +3 robe "Nasawn" {rPois Will+ Str+4}
 49713 | Vaults:5 | Identified the +5 quarterstaff "Zioloce" {speed, rPois rF-
                  | rN+ Int+3}
 49726 | Vaults:5 | Identified the +0 spear "Dosihiu" {vamp, rN++ Str-5 Int+2
                  | SInv}
 49747 | Vaults:5 | Found Xewoekk's Antique Weapon Shoppe.
 50200 | Slime:1  | Entered Level 1 of the Pits of Slime
 50210 | Slime:1  | Reached XP level 26. HP: 247/259 MP: 13/37
 50941 | Slime:2  | Noticed Dissolution
 51146 | Slime:2  | Killed Dissolution
 51510 | Slime:2  | You are sucked into a shaft and drop 2 floors!
 51998 | Slime:3  | Gained mutation: You occasionally lose the ability to read
                  | scrolls when taking damage. [a shining eye]
 52000 | Slime:3  | Gained mutation: You are frail. (-10% HP) [a shining eye]
 52002 | Slime:3  | Gained mutation: Your magical capacity is low. (-10% MP) [a
                  | shining eye]
 52004 | Slime:3  | Gained mutation: You are covered in fur. (AC +1) [a shining
                  | eye]
 52006 | Slime:3  | Lost mutation: Your magical capacity is low. (-10% MP)
                  | [potion of mutation]
 52006 | Slime:3  | Lost mutation: You occasionally shout uncontrollably at
                  | your foes. [potion of mutation]
 52006 | Slime:3  | Lost mutation: You are frail. (-10% HP) [potion of
                  | mutation]
 52006 | Slime:3  | Gained mutation: You can exhale a cloud of poison. [potion
                  | of mutation]
 52006 | Slime:3  | Gained mutation: You are agile. (Dex +4, Str/Int -1)
                  | [potion of mutation]
 52007 | Slime:3  | Lost mutation: You can exhale a cloud of poison. [potion of
                  | mutation]
 52007 | Slime:3  | Lost mutation: You are covered in fur. (AC +1) [potion of
                  | mutation]
 52007 | Slime:3  | Lost mutation: You occasionally lose the ability to read
                  | scrolls when taking damage. [potion of mutation]
 52007 | Slime:3  | Gained mutation: Your skin changes colour to match your
                  | surroundings (Stealth+). [potion of mutation]
 52007 | Slime:3  | Gained mutation: Your mind is acute. (Int +4, Str/Dex -1)
                  | [potion of mutation]
 52007 | Slime:3  | Gained mutation: Your flesh is heat resistant. (rF+)
                  | [potion of mutation]
 52668 | Slime:5  | Entered Level 5 of the Pits of Slime
 52729 | Slime:5  | Lost mutation: You are agile. (Dex +4, Str/Int -1) [a
                  | shining eye]
 53083 | Slime:5  | Noticed the Royal Jelly
 53090 | Slime:5  | Killed the Royal Jelly
 53113 | Slime:5  | Gained mutation: Your body sometimes deteriorates upon
                  | taking damage. [a shining eye]
 53713 | Slime:5  | Found the +5 robe of Night {Dark Will+ SInv}
 53772 | Slime:5  | Got a slimy rune of Zot
 53774 | Slime:5  | Identified the staff of Hepliaklqana's Wrath {rElec rCorr
                  | Air Alchemy}
 53776 | Slime:5  | Identified the amulet "Omusatul" {Spirit rPois rCorr Str-2
                  | Int+2}
 53811 | Slime:5  | Identified the +2 sling of Uruapig {heavy, rElec rCorr}
 53820 | Slime:5  | Identified the +6 plate armour "Vabirul" {rElec Will++
                  | Dex+3 Slay-2}
 53826 | Slime:5  | Identified the +2 ring mail of Zesahor {^Contam rF++}
 54440 | Depths:3 | Voluntarily entered the Abyss.
 54444 | Abyss:1  | Found a corrupted altar of Lugonu.
 54625 | Abyss:3  | Found a corrupted altar of Lugonu.
 54666 | Abyss:3  | Found a glowing golden altar of the Shining One.
 54699 | Abyss:3  | Noticed a juggernaut
 54705 | Abyss:3  | Killed a juggernaut
 54709 | Abyss:3  | Got an abyssal rune of Zot
 54792 | Depths:3 | Escaped the Abyss
 54833 | Zot:1    | Entered Level 1 of the Realm of Zot
 54833 | Zot:1    | Noticed a dread lich
 54833 | Zot:1    | Noticed a Killer Klown
 54833 | Zot:1    | Noticed a Killer Klown
 54836 | Zot:1    | Killed a Killer Klown
 54843 | Depths:4 | Killed a dread lich
 55019 | Zot:1    | Noticed a Killer Klown
 55025 | Zot:1    | Killed a Killer Klown
 55172 | Zot:1    | Killed a Killer Klown
 55397 | Zot:1    | Reached XP level 27. HP: 259/267 MP: 39/40
 55744 | Zot:1    | Found a transporter.
 55799 | Zot:1    | Noticed an orb of fire
 55799 | Zot:1    | Gained mutation: Your body often deteriorates upon taking
                  | damage. [an orb of fire]
 55803 | Zot:1    | Gained mutation: Your health recovers twice as slowly from
                  | being drained. [an orb of fire]
 55805 | Zot:1    | Killed an orb of fire
 55831 | Zot:1    | Found a transporter.
 55851 | Zot:1    | Found a transporter.
 55897 | Zot:1    | Lost mutation: Your flesh is heat resistant. (rF+) [potion
                  | of mutation]
 55897 | Zot:1    | Lost mutation: Your body often deteriorates upon taking
                  | damage. [potion of mutation]
 55897 | Zot:1    | Lost mutation: Your body sometimes deteriorates upon taking
                  | damage. [potion of mutation]
 55897 | Zot:1    | Gained mutation: You are frail. (-10% HP) [potion of
                  | mutation]
 55897 | Zot:1    | Gained mutation: Your movements are slightly less
                  | encumbered by armour. (ER -2) [potion of mutation]
 55898 | Zot:1    | Lost mutation: Your movements are slightly less encumbered
                  | by armour. (ER -2) [potion of mutation]
 55898 | Zot:1    | Lost mutation: Your mind is acute. (Int +4, Str/Dex -1)
                  | [potion of mutation]
 55898 | Zot:1    | Lost mutation: You are frail. (-10% HP) [potion of
                  | mutation]
 55898 | Zot:1    | Gained mutation: You are partially covered in iridescent
                  | scales. (AC +2) [potion of mutation]
 58112 | Zot:4    | Noticed Grunn
 58112 | Zot:4    | Gained mutation: You occasionally lose the ability to read
                  | scrolls when taking damage. [mutagenic glow]
 58134 | Zot:4    | Killed Grunn
 58139 | Zot:4    | Gained mutation: You are agile. (Dex +4, Str/Int -1)
                  | [mutagenic glow]
 58743 | Zot:5    | Entered Level 5 of the Realm of Zot
 59334 | Zot:5    | Noticed an ancient lich
 59494 | Zot:5    | Noticed an ancient lich
 59495 | Zot:5    | Noticed an orb of fire
 59495 | Zot:5    | Noticed an orb of fire
 59500 | Zot:5    | Noticed an orb of fire
 59501 | Zot:5    | Killed an ancient lich
 59504 | Zot:5    | Gained mutation: Your body sometimes deteriorates upon
                  | taking damage. [an orb of fire]
 59505 | Zot:5    | Killed an orb of fire
 59508 | Zot:5    | Killed an orb of fire
 59508 | Zot:5    | Killed an orb of fire
 59520 | Zot:5    | Noticed an orb of fire
 59521 | Zot:5    | Noticed an ancient lich
 59521 | Zot:5    | Lost mutation: You are agile. (Dex +4, Str/Int -1) [an orb
                  | of fire]
 59524 | Zot:5    | Killed an ancient lich
 59527 | Zot:5    | Noticed an orb of fire
 59527 | Zot:5    | Killed an orb of fire
 59528 | Zot:5    | Gained mutation: You are weak. (Str -2) [an orb of fire]
 59530 | Zot:5    | Killed an orb of fire
 59573 | Zot:5    | Noticed an orb of fire
 59576 | Zot:5    | Noticed an orb of fire
 59576 | Zot:5    | Killed an orb of fire
 59580 | Zot:5    | Killed an orb of fire
 59593 | Zot:5    | Noticed an orb of fire
 59596 | Zot:5    | Killed an orb of fire
 59609 | Zot:5    | Noticed an orb of fire
 59614 | Zot:5    | Killed an orb of fire
 59833 | Zot:5    | Noticed a dread lich
 59838 | Zot:5    | Killed an ancient lich
 59842 | Zot:5    | Killed a dread lich
 60247 | Zot:5    | Lost mutation: You are partially covered in iridescent
                  | scales. (AC +2) [potion of mutation]
 60247 | Zot:5    | Lost mutation: You are weak. (Str -2) [potion of mutation]
 60247 | Zot:5    | Lost mutation: Your body sometimes deteriorates upon taking
                  | damage. [potion of mutation]
 60247 | Zot:5    | Lost mutation: Your health recovers twice as slowly from
                  | being drained. [potion of mutation]
 60247 | Zot:5    | Gained mutation: Your mind is acute. (Int +4, Str/Dex -1)
                  | [potion of mutation]
 60247 | Zot:5    | Gained mutation: Your spells are a little harder to cast,
                  | but a little more powerful. [potion of mutation]
 60247 | Zot:5    | Gained mutation: Your flesh is cold resistant. (rC+)
                  | [potion of mutation]
 60248 | Zot:5    | Lost mutation: Your spells are a little harder to cast, but
                  | a little more powerful. [potion of mutation]
 60248 | Zot:5    | Lost mutation: You occasionally lose the ability to read
                  | scrolls when taking damage. [potion of mutation]
 60248 | Zot:5    | Lost mutation: Your flesh is cold resistant. (rC+) [potion
                  | of mutation]
 60248 | Zot:5    | Gained mutation: You are frail. (-10% HP) [potion of
                  | mutation]
 60249 | Zot:5    | Lost mutation: You are frail. (-10% HP) [potion of
                  | mutation]
 60249 | Zot:5    | Lost mutation: Your skin changes colour to match your
                  | surroundings (Stealth+). [potion of mutation]
 60249 | Zot:5    | Gained mutation: You expend magic power (3 MP) to
                  | strengthen your wands. [potion of mutation]
 60470 | Zig:1    | Entered Level 1 of a ziggurat
 60485 | Zig:2    | Entered Level 2 of a ziggurat
 60498 | Zig:3    | Entered Level 3 of a ziggurat
 60566 | Zig:4    | Entered Level 4 of a ziggurat
 60588 | Zig:4    | Identified the amulet "Riliutoj" {Reflect Dex+5 SH+5}
 60593 | Zig:4    | Identified the staff of Hetueqak {rPois rC++ Dex-4 Earth
                  | Alchemy}
 60599 | Zig:5    | Entered Level 5 of a ziggurat
 60609 | Zig:5    | Found the +7 sceptre of Torment {pain, torment}
 60916 | Zig:6    | Entered Level 6 of a ziggurat
 60924 | Zig:6    | Gained mutation: You are vulnerable to cold. (rC-) [a
                  | shining eye]
 60949 | Zig:6    | Identified the +0 robe "Uxkukuesk" {-Tele rF+ Archmagi}
 61044 | Zig:7    | Entered Level 7 of a ziggurat
 61054 | Zig:7    | Noticed a dread lich
 61062 | Zig:7    | Killed a dread lich
 61066 | Zig:7    | Found the +8 whip "Snakebite" {venom, curare, rPois}
 61071 | Zig:7    | Identified the amulet "Femmayj" {Faith Dex+4}
 61425 | Crypt:1  | Entered Level 1 of the Crypt
 61851 | Crypt:1  | You are sucked into a shaft and drop 1 floor!
 62040 | Crypt:2  | Reached skill level 27 in Shapeshifting
 63186 | Crypt:3  | Entered Level 3 of the Crypt
 63499 | Crypt:3  | Got Zonguldrok's Volume of Unhallowed Magicks
 63690 | Crypt:3  | Identified the +3 broad axe of Joyful Slaughter {freeze,
                  | rPois rF+}
 63691 | Crypt:3  | Identified the +7 falchion of Qoalayl {venom, *Noise Int+4}
 64025 | Crypt:3  | Found a staircase to the Tomb.
 64758 | Hell     | Entered the Vestibule of Hell
 64758 | Hell     | Noticed Geryon
 64761 | Hell     | Killed Geryon
 65007 | Hell     | Noticed Murray
 65013 | Hell     | Killed Murray
 65051 | Hell     | Found a gateway to the freezing wastes of Cocytus.
 65069 | Hell     | Found a gateway to the Iron City of Dis.
 65083 | Hell     | Reached skill level 15 in Spellcasting
 65200 | Hell     | Found a gateway to the ashen valley of Gehenna.
 65337 | Hell     | Found a gateway to the decaying netherworld of Tartarus.
 65753 | Tomb:1   | Entered Level 1 of the Tomb of the Ancients
 66213 | Tomb:1   | Noticed a royal mummy
 66219 | Tomb:1   | Killed a royal mummy
 67475 | Pan      | Entered Pandemonium
 67599 | Pan      | Identified the ring of Ymem {rElec rPois rF++ AC+4 Int-2}
 67600 | Pan      | Gained mutation: Your body sometimes deteriorates upon
                  | taking damage. [a cacodemon]
 67624 | Pan      | Gained mutation: Your magical capacity is low. (-10% MP) [a
                  | neqoxec]
 67751 | Pan      | Noticed Ikhliaps the pandemonium lord
 67760 | Pan      | Reached skill level 27 in Unarmed Combat
 67761 | Pan      | Killed Ikhliaps the pandemonium lord
 67787 | Pan      | Got a demonic rune of Zot
 68328 | Pan      | Lost mutation: Your mind is acute. (Int +4, Str/Dex -1) [a
                  | neqoxec]
 68436 | Pan      | Paralysed by accursed screaming for 1 turns
 68482 | Pan      | Noticed Cagiega the pandemonium lord
 68689 | Pan      | Reached skill level 1 in Evocations
 68731 | Pan      | Noticed Sedwust the pandemonium lord
 68737 | Pan      | Killed Sedwust the pandemonium lord
 68926 | Pan      | Entered the realm of Mnoleg.
 68950 | Pan      | Gained mutation: You are clumsy. (Dex -2) [a cacodemon]
 69063 | Pan      | Gained mutation: You have hidden genetic defects. [a
                  | shining eye]
 69067 | Pan      | Found a bloodstained altar of Trog.
 69125 | Pan      | Noticed Mnoleg
 69129 | Pan      | Killed Mnoleg
 69144 | Pan      | Got a glowing rune of Zot
 69220 | Pan      | Entered the realm of Gloorx Vloq.
 69299 | Pan      | Reached skill level 5 in Evocations
 69322 | Pan      | Found an exit through the horrors of the Abyss.
 69564 | Pan      | Gained mutation: Your magical capacity is very low. (-20%
                  | MP) [hidden defects]
 70078 | Pan      | Gained mutation: You occasionally lose the ability to drink
                  | potions when taking damage. [hidden defects]
 70078 | Pan      | Lost mutation: You have hidden genetic defects. [hidden
                  | defects expressed]
 70468 | Pan      | Noticed Gloorx Vloq
 70474 | Pan      | Killed Gloorx Vloq
 70485 | Pan      | Got a dark rune of Zot
 70925 | Pan      | Entered the realm of Lom Lobon.
 70948 | Pan      | Lost mutation: You expend magic power (3 MP) to strengthen
                  | your wands. [potion of mutation]
 70948 | Pan      | Lost mutation: You occasionally lose the ability to drink
                  | potions when taking damage. [potion of mutation]
 70948 | Pan      | Lost mutation: You are clumsy. (Dex -2) [potion of
                  | mutation]
 70948 | Pan      | Gained mutation: You are partially covered in iridescent
                  | scales. (AC +2) [potion of mutation]
 70949 | Pan      | Lost mutation: Your body sometimes deteriorates upon taking
                  | damage. [potion of mutation]
 70949 | Pan      | Lost mutation: Your magical capacity is very low. (-20% MP)
                  | [potion of mutation]
 70949 | Pan      | Gained mutation: Your movements are slightly less
                  | encumbered by armour. (ER -2) [potion of mutation]
 71392 | Pan      | Found an exit through the horrors of the Abyss.
 71597 | Pan      | Noticed Lom Lobon
 71645 | Pan      | Got a magical rune of Zot
 72010 | Pan      | Found an exit through the horrors of the Abyss.
 72065 | Pan      | Gained mutation: You are frail. (-10% HP) [a neqoxec]
 72066 | Pan      | Gained mutation: You are dopey. (Int -2) [a neqoxec]
 72068 | Pan      | Lost mutation: Your movements are slightly less encumbered
                  | by armour. (ER -2) [potion of mutation]
 72068 | Pan      | Lost mutation: You are dopey. (Int -2) [potion of mutation]
 72068 | Pan      | Gained mutation: You are agile. (Dex +4, Str/Int -1)
                  | [potion of mutation]
 72069 | Pan      | Lost mutation: You are vulnerable to cold. (rC-) [potion of
                  | mutation]
 72069 | Pan      | Lost mutation: Your magical capacity is low. (-10% MP)
                  | [potion of mutation]
 72069 | Pan      | Lost mutation: You are partially covered in iridescent
                  | scales. (AC +2) [potion of mutation]
 72069 | Pan      | Gained mutation: Your spells are a little harder to cast,
                  | but a little more powerful. [potion of mutation]
 72070 | Pan      | Lost mutation: You are frail. (-10% HP) [potion of
                  | mutation]
 72070 | Pan      | Lost mutation: You are agile. (Dex +4, Str/Int -1) [potion
                  | of mutation]
 72070 | Pan      | Lost mutation: Your spells are a little harder to cast, but
                  | a little more powerful. [potion of mutation]
 72070 | Pan      | Gained mutation: Your body sometimes deteriorates upon
                  | taking damage. [potion of mutation]
 72070 | Pan      | Gained mutation: Your muscles are strong. (Str +4, Int/Dex
                  | -1) [potion of mutation]
 72070 | Pan      | Gained mutation: Your mind is acute. (Int +4, Str/Dex -1)
                  | [potion of mutation]
 72248 | Pan      | Found a transporter.
 72378 | Pan      | Learned a level 1 spell: Apportation
 72779 | Pan      | Noticed Gaxehiem the pandemonium lord
 72781 | Pan      | Killed Gaxehiem the pandemonium lord
 72781 | Pan      | Reached skill level 10 in Evocations
 72836 | Pan      | Lost mutation: Your muscles are strong. (Str +4, Int/Dex
                  | -1) [a cacodemon]
 72888 | Pan      | Gained mutation: You are frail. (-10% HP) [a cacodemon]
 72965 | Pan      | Lost mutation: Your body sometimes deteriorates upon taking
                  | damage. [potion of mutation]
 72965 | Pan      | Lost mutation: You are frail. (-10% HP) [potion of
                  | mutation]
 72965 | Pan      | Lost mutation: Your mind is acute. (Int +4, Str/Dex -1)
                  | [potion of mutation]
 72965 | Pan      | Gained mutation: You occasionally lose the ability to read
                  | scrolls when taking damage. [potion of mutation]
 72965 | Pan      | Gained mutation: You can exhale a cloud of poison. [potion
                  | of mutation]
 72966 | Pan      | Lost mutation: You can exhale a cloud of poison. [potion of
                  | mutation]
 72966 | Pan      | Lost mutation: You occasionally lose the ability to read
                  | scrolls when taking damage. [potion of mutation]
 72966 | Pan      | Gained mutation: Your flesh is heat resistant. (rF+)
                  | [potion of mutation]
 72966 | Pan      | Gained mutation: You are weak. (Str -2) [potion of
                  | mutation]
 72966 | Pan      | Gained mutation: You are clumsy. (Dex -2) [potion of
                  | mutation]
 73006 | Pan      | Noticed Duna the pandemonium lord
 73052 | Pan      | Found an exit through the horrors of the Abyss.
 73118 | Pan      | Gained mutation: You occasionally lose the ability to read
                  | scrolls when taking damage. [a cacodemon]
 73165 | Pan      | Lost mutation: You are weak. (Str -2) [potion of mutation]
 73165 | Pan      | Lost mutation: You are clumsy. (Dex -2) [potion of
                  | mutation]
 73165 | Pan      | Lost mutation: Your flesh is heat resistant. (rF+) [potion
                  | of mutation]
 73165 | Pan      | Gained mutation: You occasionally lose the ability to drink
                  | potions when taking damage. [potion of mutation]
 73166 | Pan      | Lost mutation: You occasionally lose the ability to read
                  | scrolls when taking damage. [potion of mutation]
 73166 | Pan      | Lost mutation: You occasionally lose the ability to drink
                  | potions when taking damage. [potion of mutation]
 73166 | Pan      | Gained mutation: You are robust. (+10% HP) [potion of
                  | mutation]
 73166 | Pan      | Gained mutation: You are clumsy. (Dex -2) [potion of
                  | mutation]
 73565 | Pan      | Entered the realm of Cerebov.
 73619 | Pan      | Identified the +0 scale mail of Sebaffupn {Str+4 Int+4
                  | Dex-5}
 73638 | Pan      | Identified the +11 chain mail "Fuevy" {rElec}
 73879 | Pan      | Found the +6 sword of Cerebov {flame}
 73879 | Pan      | Noticed Cerebov
 73889 | Pan      | Killed Cerebov
 73900 | Pan      | Identified the amulet "Fiech" {Reflect rPois rCorr Str+6
                  | SH+5}
 73962 | Pan      | Got a fiery rune of Zot
 74285 | Pan      | Found a burning altar of Makhleb.
 74471 | Pan      | Found an exit through the horrors of the Abyss.
 74490 | Pan      | Took an exit into the Abyss.
 74490 | Abyss:3  | Escaped into the Abyss
 74681 | Depths:2 | Escaped the Abyss
 74780 | Dis:1    | Entered Level 1 of the Iron City of Dis
 74780 | Dis:1    | Noticed an ancient lich
 74786 | Dis:1    | Killed an ancient lich
 75494 | Dis:2    | Noticed an ancient lich
 75498 | Dis:2    | Killed an ancient lich
 75981 | Dis:3    | You are sucked into a shaft and drop 3 floors!
 76428 | Dis:7    | Entered Level 7 of the Iron City of Dis
 76463 | Dis:7    | Learned a level 2 spell: Blink
 76890 | Dis:7    | Noticed the Serpent of Hell
 76900 | Dis:7    | Killed the Serpent of Hell
 77174 | Dis:7    | Reached skill level 15 in Evocations
 77400 | Dis:7    | Noticed Dispater
 77401 | Dis:7    | Noticed a juggernaut
 77405 | Dis:7    | Killed a juggernaut
 77413 | Dis:7    | Killed Dispater
 77420 | Dis:7    | Found the macabre finger necklace {Finger+ rN+}
 77433 | Dis:7    | Got an iron rune of Zot
 77580 | Coc:1    | Entered Level 1 of Cocytus
 78909 | Coc:4    | Paralysed by a wendigo for 1 turns
 80434 | Coc:7    | Entered Level 7 of Cocytus
 81075 | Coc:7    | Paralysed by a wendigo for 1 turns
 81089 | Coc:7    | Reached skill level 27 in Fighting
 81116 | Coc:7    | Noticed Antaeus
 81124 | Coc:7    | Killed Antaeus
 81135 | Coc:7    | Got an icy rune of Zot
 82035 | Tar:1    | Entered Level 1 of Tartarus
 84268 | Tar:7    | Entered Level 7 of Tartarus
 84780 | Tar:7    | Noticed Ereshkigal
 85276 | Tar:7    | Killed Ereshkigal
 85305 | Tar:7    | Got a bone rune of Zot
 85411 | Geh:1    | Entered Level 1 of Gehenna
 85591 | Geh:1    | Noticed a dread lich
 85596 | Geh:1    | Killed a dread lich
 86429 | Geh:4    | Noticed an ancient lich
 86429 | Geh:4    | Noticed a dread lich
 86429 | Geh:4    | Noticed a dread lich
 86429 | Geh:4    | Noticed an ancient lich
 86429 | Geh:4    | Noticed a dread lich
 86429 | Geh:4    | Noticed a dread lich
 86437 | Hell     | Killed a dread lich
 86641 | Hell     | Killed a dread lich
 86644 | Hell     | Killed a dread lich
 86647 | Hell     | Killed a dread lich
 86899 | Geh:4    | Killed an ancient lich
 86915 | Geh:4    | Killed an ancient lich
 88704 | Geh:7    | Entered Level 7 of Gehenna
 89809 | Geh:7    | Found the +13 sceptre of Asmodeus
 89809 | Geh:7    | Noticed Asmodeus
 89823 | Geh:7    | Killed Asmodeus
 89847 | Geh:7    | Got an obsidian rune of Zot
 90806 | Tomb:2   | Noticed a royal mummy
 90807 | Tomb:2   | Noticed a royal mummy
 90808 | Tomb:2   | Noticed a royal mummy
 90810 | Tomb:2   | Noticed a royal mummy
 90816 | Tomb:2   | Killed a royal mummy
 90819 | Tomb:2   | Killed a royal mummy
 90823 | Tomb:2   | Killed a royal mummy
 90825 | Tomb:2   | Killed a royal mummy
 91327 | Tomb:1   | Noticed a royal mummy
 91327 | Tomb:1   | Noticed a royal mummy
 91327 | Tomb:1   | Noticed a royal mummy
 91328 | Tomb:1   | Noticed a royal mummy
 91335 | Tomb:1   | Killed a royal mummy
 91335 | Tomb:1   | Killed a royal mummy
 91336 | Tomb:1   | Killed a royal mummy
 91337 | Tomb:1   | Killed a royal mummy
 91404 | Tomb:1   | Noticed a royal mummy
 91412 | Tomb:1   | Killed a royal mummy
 91617 | Tomb:1   | Noticed a royal mummy
 91633 | Tomb:1   | Killed a royal mummy
 91763 | Tomb:1   | Noticed a royal mummy
 91764 | Tomb:1   | Noticed a royal mummy
 91780 | Tomb:1   | Killed a royal mummy
 91781 | Tomb:1   | Killed a royal mummy
 91781 | Tomb:1   | Noticed a royal mummy
 91787 | Tomb:1   | Killed a royal mummy
 91965 | Tomb:1   | Noticed a royal mummy
 91975 | Tomb:1   | Killed a royal mummy
 92108 | Tomb:1   | Noticed a royal mummy
 92115 | Tomb:1   | Killed a royal mummy
 92439 | Tomb:3   | Entered Level 3 of the Tomb of the Ancients
 92457 | Tomb:3   | Noticed a royal mummy
 92462 | Tomb:3   | Noticed a royal mummy
 92463 | Tomb:3   | Killed a royal mummy
 92463 | Tomb:3   | Killed a royal mummy
 92467 | Tomb:3   | Noticed a royal mummy
 92472 | Tomb:3   | Noticed a royal mummy
 92476 | Tomb:3   | Found the +27 heavy crossbow "Sniper" {heavy, Acc+∞ SInv}
 92488 | Tomb:3   | Killed a royal mummy
 92492 | Tomb:3   | Killed a royal mummy
 92903 | Tomb:3   | Found the +11 Singing Sword {sonic wave}
 92915 | Tomb:3   | Identified the amulet "Sizon" {Spirit ^Drain +Inv rPois
                  | rC++}
 92947 | Tomb:3   | Identified the staff of the Lettuce {rF+ Fire Ice}
 92951 | Tomb:3   | Identified the +2 great mace of Ascent {drain, rPois rC+}
 92953 | Tomb:3   | Got the Grimoire of the Arsonist and Signs
 92961 | Tomb:3   | Got the Vellum of the Cobbler
 92965 | Tomb:3   | Identified the +0 ring mail of Zyakkimy {Regen+}
 92967 | Tomb:3   | Identified the +3 short sword "Worm's Wrath" {freeze,
                  | +Blink}
 92970 | Tomb:3   | Identified the ring of Icekap {rPois Str-5 Int+6 Dex+6}
 92976 | Tomb:3   | Identified the staff of Zuhom {rC+ Str+2 Ice}
 93028 | Tomb:3   | Noticed a royal mummy
 93040 | Tomb:3   | Killed a royal mummy
 93295 | Tomb:3   | Noticed a royal mummy
 93309 | Tomb:3   | Killed a royal mummy
 93319 | Tomb:3   | Noticed a royal mummy
 93328 | Tomb:3   | Killed a royal mummy
 93545 | Tomb:3   | Noticed a royal mummy
 93550 | Tomb:3   | Killed a royal mummy
 93566 | Tomb:3   | Noticed a royal mummy
 93576 | Tomb:3   | Killed a royal mummy
 93763 | Tomb:3   | Got a golden rune of Zot
 94449 | Zot:5    | Got the Orb of Zot
 94520 | Zot:2    | Noticed Zyuruebat the pandemonium lord
 94845 | D:7      | Noticed Xoapsegh the pandemonium lord
 94875 | D:6      | Noticed Myuxatam the pandemonium lord
 94981 | D:$      | Escaped with the Orb!

Illustrated notes

Levels and vault maps discovered:
D:1:      sevenhm_arrival_forest_fort_small_5, layout_basic
D:2:      layout_basic
D:3:      layout_basic, mainiacjoe_overflow_tiny_flanked, serial_shops,
          nicolae_shop_bloodbath_and_beyond, shop, shop, hangedman_decor_growths
D:4:      layout_basic, fedhas_ov_isle_minmay, uniq_edmund, uniq_sigmund
D:5:      layout_loops_cross, zin_scriptorium, grunt_temple_overflow_open
D:6:      gammafunk_wand_slinger, layout_loops_ring, lightli_orcish_oven
D:7:      layout_rooms, okawaru_humans, minmay_temple_entry_enclosed_plants,
          serial_rivers, chequers_serial_rivers_room_a,
          chequers_serial_rivers_small_b, chequers_serial_rivers_marsh,
          chequers_serial_rivers_small_b, amcnicky_mini_corridor_feature,
          nicolae_shop_clearance, uniq_jeremiah
D:8:      layout_basic, makhleb_grotto_becter, marbit_many_paths, serial_shops,
          shop, shop, nicolae_shop_crystal
D:9:      layout_stronghold, mainiacjoe_overflow_surrounded_room,
          yredelemnul_altar_generic, erik_lair_island, grunt_ministairs_3,
          minmay_diamond_spiral
D:10:     layout_cave_pools, biasface_ghost_orc_armoury, uniq_josephine
D:11:     layout_stronghold, uniq_maurice
D:12:     layout_rooms, hiddenorc2_lemuel, roderic_roman_lattice,
          hellmonk_guarded_unrand_cigotuvi
D:13:     minmay_crescents, layout_irregular_city, david_vaults_1,
          elyvilon_altar_1
D:14:     layout_loops_ring, hex_tiny, uniq_agnes, uniq_roxanne
D:15:     grunt_enter_depths_magical_seal, layout_basic,
          nicolae_trove_entry_free_sample, chequers_serial_rivers_micro_d
Temple:   cyrus_temple_forest
Lair:1:   layout_concentric_octagons, gammafunk_ghost_necromancy,
          grunt_megastairs_1, infiniplex_staircase_pool, serial_bayou_shore_b,
          uniq_joseph, uniq_amaemon
Lair:2:   layout_roguey, nicolae_snake_entry_warm_welcome,
          gauntlet_entry_generic
Lair:3:   layout_cave_pods, minmay_swamp_entry_worms, ebering_ghost_inner_flame,
          kennysheep_abandoned_house, serial_bayou_shore_a
Lair:4:   layout_regular_city, grunt_forest_large_clearings
Lair:5:   hangedman_lair_tendril_chambers, layout_cave_pods, slime_entry_2,
          gammafunk_ghost_wrathful_warriors, minmay_hedge_maze,
          infiniplex_staircase_pool_2
Swamp:1:  layout_falls_marsh, hangedman_swamp_blocks
Swamp:2:  layout_basic_swamp, lemuel_altar_in_water, swamp_pool_3,
          nicolae_swamp_necromancer_hut, uniq_jorgrun
Swamp:3:  layout_basic_swamp, nicolae_swamp_small_spring
Swamp:4:  swamp_pestilence, layout_basic_swamp
Snake:1:  layout_onion, serial_shops, nicolae_shop_tiny_glass,
          serial_bayou_ford_a, uniq_kirke
Snake:2:  layout_chambers, ebering_ghost_disaster_area
Snake:3:  layout_onion_interference, basic_altar,
          hellmonk_ghost_happy_afterlife, serial_shops,
          nicolae_shop_advertising_works [nicolae_subvault_shop_adworks], shop,
          nicolae_shop_real_fake_doors, shop, shop, uniq_vashnia
Snake:4:  grunt_snake_rune_spirals, layout_onion,
          gammafunk_ghost_berserking_beasts, nicolae_snake_round_shape_thing,
          nicolae_snake_salamander_jacuzzi, uniq_nikola, uniq_aizul,
          uniq_mlioglotl
Slime:1:  layout_caves, nicolae_slime_phagocytosis
Slime:2:  layout_caves, uniq_dissolution
Slime:3:  layout_caves
Slime:4:  layout_caves
Slime:5:  slime_pit_nicolae_royal_road_to_ruin
Orc:1:    layout_diamond_mine, serial_shops, nicolae_shop_just_a_little_nook,
          david_defended_altar_orc
Orc:2:    st_orc_ogre_mass, layout_caves, nicolae_shop_gadgets, uniq_snorg
Elf:1:    eino_elf_arrival_altar, layout_geoelf_octagon,
          hangedman_elven_crosses_minicolossus, serial_sigils_hangedman_confine,
          guppyfry_library_mini
Elf:2:    nicolae_elf_blades_splatter_lattice [nicolae_blade_tridents],
          layout_geoelf_diagonals, glass_columns_a, minmay_shop_star
Elf:3:    minmay_elf_hall_curves, layout_geoelf_diagonals, uniq_louise
Vaults:1: nicolae_vaults_what_the_h, nicolae_vaults_six-pack,
          nicolae_vaults_puzzle_piece, vaults_dpeg_emergency_exit,
          vaults_room_hallway, nicolae_vaults_corridor_and_loot_room,
          nicolae_vaults_little_squares_3, nicolae_vaults_apartment_2,
          nicolae_vaults_gold_heap, layout_vaults_omnigrid
Vaults:2: nicolae_vaults_apartment_2, minmay_crypt_entry_skeletal_spiral,
          nicolae_vaults_trapezoid_lopsided_1, nicolae_vaults_closet_pinwheel_2,
          nicolae_vaults_closet_pinwheel_1, nicolae_vaults_closet_pinwheel_1,
          hangedman_vaults_stream, vaults_room_ringed_pool,
          hangedman_vaults_corner, nicolae_vaults_yaktaur_gun_rack,
          nicolae_vaults_branching_niches, layout_vaults_big_room, serial_shops,
          shop
Vaults:3: nicolae_vaults_tetromino_L_1, grunt_vaults_funnel,
          nicolae_vaults_stairing_the_circle, nicolae_vaults_house_1,
          ontoclasm_vaults_ligature, nicolae_vaults_bisected_exclaves,
          v_misc_33, serial_library_hellmonk_big_corner,
          nicolae_vaults_sightless_eye, nicolae_vaults_prndl,
          nicolae_vaults_asterisk, layout_vaults_ring, serial_shops, shop, shop,
          nicolae_lakefront_shop, nicolae_shop_tiny_glass, shop
Vaults:4: ontoclasm_vaults_idyll, nicolae_vaults_double_plus_2,
          nicolae_vaults_double_plus_3, ontoclasm_vaults_idyll,
          hangedman_vaults_cutoff, nicolae_vaults_little_squares_5,
          nicolae_vaults_asterisk, nicolae_vaults_double_plus_2,
          nicolae_vaults_trapezoid_3, ontoclasm_vaults_twist, st_smaller_cells,
          nicolae_vaults_variable_pillar_hall_cross, layout_vaults_omnicross,
          uniq_zenata, uniq_bai_suzhen, uniq_jory
Vaults:5
Crypt:1:  layout_gridlike, grunt_crypt_arrival_split
Crypt:2:  layout_chaotic_city, item_on_display_a
Crypt:3:  due_elkab, layout_chaotic_city, tomb_entry_simple_bobbens,
          nicolae_crypt_lichyard
Tomb:1
Tomb:2
Tomb:3
Depths:1: layout_cave_pools, nicolae_hexahallways, hell_entry,
          serial_sigils_hangedman_gut, minmay_shop_enchanted_jewellery,
          minislime_mu
Depths:2: minmay_box_of_curves, layout_cave_shapes, grunt_pan_entry_in_and_out,
          pf_vacation_house_of_asmodeus, hangedman_aerie_drop,
          infiniplex_staircase_x
Depths:3: minmay_the_grid_four_pointed_star_mashed
          [minmay_the_grid_triangle_9x9_stretched_checkered,
          minmay_the_grid_triangle_9x9_zippers_horizontal,
          minmay_the_grid_triangle_9x9_zippers_vertical,
          minmay_the_grid_triangle_9x9_limited_checkers,
          minmay_the_grid_prize_big_room], layout_cave_shapes, enter_ziggurat_d,
          hell_entry, abyss_entry, pan_entry, serial_shops, shop, shop, shop,
          minmay_misc_feat_tower, minmay_pinched_square,
          infiniplex_staircase_zigzag_1, uniq_mara
Depths:4: grunt_zot_entry_bicorn, layout_twisted_cross,
          abyss_entry_small_statue_room, grunt_hell_entry_demonic_statue,
          uniq_parghit, uniq_frederick, uniq_xtahua
Hell
Dis:1:    layout_gridville
Dis:2:    layout_jigsaw
Dis:3:    nicolae_dis_hell_of_blades
Dis:6:    layout_subdivisions
Dis:7:    dis_hangedman
Geh:1:    layout_gehenna_lava_caves
Geh:2:    layout_gehenna_lava_caves
Geh:3:    layout_gehenna_pools_triple
Geh:4:    layout_gehenna_lava_caves, nicolae_geh_liches_on_tour
Geh:5:    layout_gehenna_lava_caves
Geh:6:    layout_gehenna_pools_box
Geh:7:    evilmike_geh
Coc:1:    layout_cocytus_water_paths
Coc:2:    layout_ice_bergs
Coc:3:    layout_cocytus_water_paths
Coc:4:    layout_ice_bergs
Coc:5:    layout_ice_bergs, serial_ice, serial_ice_f, serial_ice_b,
          serial_ice_h, serial_ice_c
Coc:6:    layout_cocytus_water_paths
Coc:7:    coc_dpeg
Tar:1:    layout_grid_maze
Tar:2:    layout_grid_maze
Tar:3:    layout_honeycomb, nicolae_tar_windowcombs
Tar:4:    layout_cathedral_of_symmetry
Tar:5:    layout_grid_maze
Tar:6:    nicolae_tar_funeral_procession, layout_cathedral_of_symmetry
Tar:7:    tar_old
Zot:1:    ebering_klown_carousel, layout_twisted_circle,
          nicolae_diode_intersection
Zot:2:    layout_twisted_circle, drop_trap
Zot:3:    layout_misc_corridors, bh_zot_lava_cross, st_stairs_9
Zot:4:    layout_onion_interference, uniq_grunn
Zot:5:    layout_twisted_circle, skrybe_zot_glass_3

Skill      XL: |  1  2  3  4  5  6  7  8  9 10 11 12 13 14 15 16 17 18 19 20 21 22 23 24 25 26 27 |
---------------+----------------------------------------------------------------------------------+-----
Fighting       | 2 3 4 5 6 8 9 11 12 14 16 17 18 19 27 | 27.0
Shapeshifting  | 4 5 6 7 9 11 12 13 14 16 17 18 19 20 21 22 23 24 27 | 27.0
Unarmed Combat | 4 5 6 7 8 10 11 13 14 15 17 19 20 21 22 27 | 27.0
Dodging        | 4 6 8 10 12 13 14 15 25 | 25.8
Shields        | 6 9 |  9.0
Translocations | 7 10 12 13 | 13.0
Spellcasting   | 3 9 10 13 19 | 19.6
Evocations     | 23 | 23.8

Action                     |  1- 3 |  4- 6 |  7- 9 | 10-12 | 13-15 | 16-18 | 19-21 | 22-24 | 25-27 || total
---------------------------+-------+-------+-------+-------+-------+-------+-------+-------+-------++-------
  Melee: Unarmed           |   123 |   118 |   351 |   486 |   902 |   604 |  1153 |  1222 |  5274 || 10233
         Punch             |     5 |     4 |       |       |       |    32 |       |    71 |   619 ||   731
         Glaive            |       |       |     7 |       |       |       |       |       |       ||     7
         Constrict         |       |       |       |    56 |   230 |   183 |   248 |   134 |   244 ||  1095
   Cast: Manifold Assault  |       |       |       |       |       |       |       |    60 |   395 ||   455
         Apportation       |       |       |       |       |       |       |       |       |     8 ||     8
 Invoke: Serpent's Lash    |       |       |       |       |     6 |     1 |     2 |     7 |    49 ||    65
         Heavenly Storm    |       |       |       |       |     1 |     2 |     1 |     2 |    15 ||    21
Ability: Spit Poison       |    12 |     5 |     1 |     2 |       |       |     1 |       |       ||    21
         Begin Untransform |       |       |     1 |       |       |     1 |       |       |       ||     2
         Lunge             |       |       |       |    37 |    62 |    52 |    71 |    92 |   435 ||   749
         Whirlwind         |       |       |       |     1 |   116 |   152 |    84 |   104 |   680 ||  1137
         Wall Jump         |       |       |       |       |    12 |     4 |     4 |     2 |     5 ||    27
  Evoke: Wand              |       |       |     4 |    15 |     5 |     2 |     3 |       |    11 ||    40
         Box of beasts     |       |       |       |     1 |       |       |       |       |     2 ||     3
         Tin of tremorston |       |       |       |       |     4 |       |       |       |     2 ||     6
    Use: Potion            |     1 |     2 |       |     2 |       |     3 |       |       |    59 ||    67
         Scroll            |       |       |    11 |    12 |     7 |     3 |     3 |     3 |    41 ||    80
   Stab: Invisible         |       |       |       |     6 |     2 |       |       |       |       ||     8
         Sleeping          |       |       |       |       |       |     3 |     3 |     2 |     1 ||     9
         Distracted        |       |       |       |       |       |     1 |     1 |     2 |     8 ||    12
 Armour: Animal skin       |    16 |       |       |       |       |       |       |       |       ||    16
         Ring mail         |    88 |    19 |     1 |       |       |       |       |       |       ||   108
         Skin              |     9 |    34 |   139 |   280 |   431 |   446 |   930 |   554 |  1565 ||  4388
  Dodge: Dodged            |    69 |    73 |   340 |   333 |   509 |   548 |   945 |   856 |  3689 ||  7362
  Block: Kite shield       |       |       |       |       |       |   305 |   967 |   411 |  1082 ||  2765
         Other             |       |       |       |       |       |       |       |    84 |   497 ||   581
   Form: Flux              |     1 |     1 |     1 |       |       |       |       |       |       ||     3
         Beast             |     1 |       |       |       |       |       |       |       |       ||     1
         Serpent           |       |       |       |     1 |     2 |       |       |       |       ||     3
         Storm             |       |       |       |       |     2 |       |     1 |     2 |     2 ||     7
         Statue            |       |       |       |       |     1 |     1 |     1 |     1 |     2 ||     6

Table legend: (Time is in decaauts)
 A = Elapsed time spent in this place.
 B = Non-inter-level travel time spent in this place.
 C = Inter-level travel time spent in this place.
 D = Time resting spent in this place.
 E = Time spent auto-exploring this place.
 F = Levels seen in this place.
 G = Mean time per level.
                   A        B        C        D        E       F      G
               +--------+--------+--------+--------+--------+-----+--------+
         Total | 110549 |  97328 |  13221 |  18849 |  59288 | 116 |  953.0 |
       Dungeon |  22412 |  18526 |   3886 |   2967 |  12317 |  15 | 1494.1 |
        Temple |    108 |     56 |     52 |      0 |      0 |   1 |  108.0 |
          Lair |   9721 |   8187 |   1534 |   1129 |   5938 |   5 | 1944.2 |
         Swamp |   3298 |   3079 |    219 |      0 |   2464 |   4 |  824.5 |
     Snake Pit |   5771 |   5258 |    513 |     80 |   3703 |   4 | 1442.8 |
    Slime Pits |   3791 |   3539 |    252 |    885 |   2182 |   5 |  758.2 |
  Orcish Mines |   1037 |    882 |    155 |      0 |    666 |   2 |  518.5 |
   Elven Halls |   4240 |   3984 |    256 |      9 |   3022 |   3 | 1413.3 |
        Vaults |  12032 |  10359 |   1673 |   1619 |   6693 |   5 | 2406.4 |
         Crypt |   3523 |   2824 |    699 |      0 |   2294 |   3 | 1174.3 |
          Tomb |   6224 |   5657 |    567 |   2142 |   2547 |   3 | 2074.7 |
        Depths |   6408 |   5436 |    972 |    721 |   3906 |   4 | 1602.0 |
          Hell |   3342 |   3133 |    209 |   2513 |    355 |   1 | 3342.0 |
           Dis |   2637 |   2548 |     89 |    890 |   1076 |   5 |  527.4 |
       Gehenna |   5330 |   4633 |    697 |   1000 |   2626 |   7 |  761.4 |
       Cocytus |   3215 |   3032 |    183 |   1262 |   1120 |   7 |  459.3 |
      Tartarus |   4195 |   3486 |    709 |    941 |   1612 |   7 |  599.3 |
           Zot |   5488 |   4940 |    548 |    757 |   3335 |   5 | 1097.6 |
         Abyss |    495 |    495 |      0 |      0 |    264 |   4 |  123.8 |
   Pandemonium |   6660 |   6660 |      0 |   1563 |   3079 |  19 |  350.5 |
      Ziggurat |    615 |    615 |      0 |    367 |     84 |   7 |   87.9 |
               +--------+--------+--------+--------+--------+-----+--------+

Top non-repeatable levels by time:
     D:9: 3720 daAuts
Vaults:4: 3369 daAuts
    Hell: 3342 daAuts
  Lair:5: 3085 daAuts
Vaults:2: 2978 daAuts
  Tomb:1: 2954 daAuts
Vaults:1: 2102 daAuts
Depths:2: 2037 daAuts
  Tomb:3: 2036 daAuts
     D:6: 1998 daAuts
  Lair:1: 1996 daAuts
 Snake:4: 1976 daAuts
   Geh:7: 1946 daAuts
    D:15: 1877 daAuts
Vaults:3: 1855 daAuts
